Workbook
Name ehraci: DBčlenůŠSČR!$M$25604
Name ELOCR: DBčlenůŠSČR!$D$2:$D$25604
Name ELOFIDE: DBčlenůŠSČR!$E$2:$E$25604
Name enikluby: soupiska!$AI$650
Name Ev_c_LOK: DBčlenůŠSČR!$A$2:$A$25604
Name evyMaska: DBčlenůŠSČR!$L$25604
Name FED: DBčlenůŠSČR!$H$2:$H$25604
Name FEvCis: DBčlenůŠSČR!$F$2:$F$25604
Name HCas: číselníky!$D$2:$D$9
Name HDen: číselníky!$C$2:$C$8
Name ihraci: DBčlenůŠSČR!$M$2:$M$25604
Name ikluby: soupiska!$AI$2:$AI$650
Name Jmeno: DBčlenůŠSČR!$B$2:$B$25604
Name kododd: soupiska!$H$45
Name KodOddilu: DBčlenůŠSČR!$J$2:$J$25604
Name kokr: číselníky!$E$2:$E$15
Name Kraj: DBčlenůŠSČR!$I$2:$I$25604
Name kraje: číselníky!$G$2:$G$15
Name krajod: soupiska!$AK$2:$AK$650
Name krokodil: číselníky!$H$2:$H$492
Name NazevOddil: DBčlenůŠSČR!$K$2:$K$25604
Name Oddil: číselníky!$I$2:$I$492
Name ohraci: DBčlenůŠSČR!$N$1:$N$501
Name RegPopl: DBčlenůŠSČR!$G$2:$G$25604
Name rocnik: číselníky!$A$2:$A$10
Name RokNar: DBčlenůŠSČR!$C$2:$C$25604
Name soutez: číselníky!$B$2:$B$10
Name vohraci: DBčlenůŠSČR!$N$2:$O$501
Name vybecis: soupiska!$AF$8:$AF$30
Name vyberHrace: soupiska!$M$7
Name vyMaska: DBčlenůŠSČR!$L$2:$L$25604
Name zkraj: číselníky!$E$2:$F$15

Sheet soupiska
A1: S O U P I S K A pro soutěž šachových družstev | AJ1: 0
E2: =IF(OR(F6="Extraliga",F6="1. liga",F6="2. liga",F6=""),"Šachový svaz České republiky",IF(ISERROR(MID(INDEX(kraje,MATCH(MID(H45,1,2),kokr,0)),4,LEN(INDEX(kraje,MATCH(MID(H45,1,2),kokr,0)))-3)),"",MID(INDEX(kraje,MATCH(MID(H45,1,2),kokr,0)),4,LEN(INDEX(kraje,MATCH(MID(H45,1,2),kokr,0)))-3))) -> Šachový svaz České republiky | M2: Uživatelská nápověda | AI2: =AND($P$44<>"",ISNUMBER(SEARCH(MID($P$44,1,2),číselníky!H2))) -> TRUE | AJ2: =MATCH(TRUE,INDEX(ikluby,$AJ1+1):enikluby,0)+$AJ1 -> 1 | AK2: =IF(ISNUMBER(AJ2),INDEX(Oddil,AJ2),"") -> 11001 TJ Bohemians Praha
AI3: =AND($P$44<>"",ISNUMBER(SEARCH(MID($P$44,1,2),číselníky!H3))) -> TRUE | AJ3: =MATCH(TRUE,INDEX(ikluby,$AJ2+1):enikluby,0)+$AJ2 -> 2 | AK3: =IF(ISNUMBER(AJ3),INDEX(Oddil,AJ3),"") -> 11002 ŠK Sokol Vyšehrad
E4: název družstva: | AI4: =AND($P$44<>"",ISNUMBER(SEARCH(MID($P$44,1,2),číselníky!H4))) -> TRUE | AJ4: =MATCH(TRUE,INDEX(ikluby,$AJ3+1):enikluby,0)+$AJ3 -> 3 | AK4: =IF(ISNUMBER(AJ4),INDEX(Oddil,AJ4),"") -> 11004 ŠK Dopravní podnik Praha
AI5: =AND($P$44<>"",ISNUMBER(SEARCH(MID($P$44,1,2),číselníky!H5))) -> TRUE | AJ5: =MATCH(TRUE,INDEX(ikluby,$AJ4+1):enikluby,0)+$AJ4 -> 4 | AK5: =IF(ISNUMBER(AJ5),INDEX(Oddil,AJ5),"") -> 11006 TJ Pankrác
E6: platnost pro soutěž: | J6: 2026-2027 | AI6: =AND($P$44<>"",ISNUMBER(SEARCH(MID($P$44,1,2),číselníky!H6))) -> TRUE | AJ6: =MATCH(TRUE,INDEX(ikluby,$AJ5+1):enikluby,0)+$AJ5 -> 5 | AK6: =IF(ISNUMBER(AJ6),INDEX(Oddil,AJ6),"") -> 11008 USK Praha
AI7: =AND($P$44<>"",ISNUMBER(SEARCH(MID($P$44,1,2),číselníky!H7))) -> TRUE | AJ7: =MATCH(TRUE,INDEX(ikluby,$AJ6+1):enikluby,0)+$AJ6 -> 6 | AK7: =IF(ISNUMBER(AJ7),INDEX(Oddil,AJ7),"") -> 11010 Šachový klub Loko Praha
A8: č. | B8: VHC | C8: Zet | D8: typ | E8: příjmení a jméno hráče | F8: ročník narození | G8: Ev.č. LOK | H8: ELO ČR | I8: Ev.č. FIDE | J8: ELO FIDE | M8: příjmení a jméno hráče | N8: ročník narození | O8: Ev.č. LOK | P8: Oddíl | Q8: pokyny pro vyplňování: | AA8: 0 | AB8: =VALUE(MID(vyberHrace,1,4)) -> #VALUE! | AI8: =AND($P$44<>"",ISNUMBER(SEARCH(MID($P$44,1,2),číselníky!H8))) -> TRUE | AJ8: =MATCH(TRUE,INDEX(ikluby,$AJ7+1):enikluby,0)+$AJ7 -> 7 | AK8: =IF(ISNUMBER(AJ8),INDEX(Oddil,AJ8),"") -> 11011 TJ Sokol Praha-Vršovice
A9: 1 | B9: =AL9 | C9: =AP9 | D9: =AQ9 | E9: =IF(G9="","",IF(ISNUMBER(MATCH(G9,Ev_c_LOK,0)),INDEX(Jmeno,MATCH(G9,Ev_c_LOK,0)),"")) | F9: =IF(G9="","",IF(ISNUMBER(MATCH(G9,Ev_c_LOK,0)),INDEX(RokNar,MATCH(G9,Ev_c_LOK,0)),"")) | H9: =IF(ISNUMBER(INDEX(ELOCR,MATCH(G9,Ev_c_LOK,0))),INDEX(ELOCR,MATCH(G9,Ev_c_LOK,0)),"") | I9: =IF(ISNUMBER(INDEX(FEvCis,MATCH(G9,Ev_c_LOK,0))),INDEX(FEvCis,MATCH(G9,Ev_c_LOK,0)),"") | J9: =IF(ISNUMBER(INDEX(ELOFIDE,MATCH(G9,Ev_c_LOK,0))),INDEX(ELOFIDE,MATCH(G9,Ev_c_LOK,0)),"") | K9: =CONCATENATE(AG9,AH9) | M9: =IF(ISNUMBER($AA$9),INDEX(Jmeno,$AA$9),"") | N9: =IF(ISNUMBER($AA$9),INDEX(RokNar,$AA$9),"") | O9: =IF(ISNUMBER($AA$9),INDEX(Ev_c_LOK,$AA$9),"") | P9: =IF(ISNUMBER($AA$9),INDEX(NazevOddil,$AA$9),"") | AA9: =IF(vyberHrace<>"",IF(ISNUMBER($AB$8),VLOOKUP(vyberHrace,vohraci,2,FALSE),MATCH(TRUE,INDEX(vyMaska,$AA8+1):evyMaska,0)+$AA8),"") | AB9: =IF(ISNUMBER($AA9),INDEX(RegPopl,$AA9),"") | AC9: =IF(ISNUMBER($AA9),INDEX(Kraj,$AA9),"") | AD9: =IF(ISNUMBER($AA9),INDEX(KodOddilu,$AA9),"") | AE9: =IF(ISNUMBER($AA9),INDEX(NazevOddil,$AA9),"") | AF9: =IF(ISNUMBER($AA$9),INDEX(Ev_c_LOK,$AA$9),"") | AG9: =IF(AND(E9="",G9=""),"",IF(ISNUMBER(MATCH(G9,Ev_c_LOK,0)),IF(AND(E9=INDEX(Jmeno,MATCH(G9,Ev_c_LOK,0)),F9=INDEX(RokNar,MATCH(G9,Ev_c_LOK,0))),IF(INDEX(NazevOddil,MATCH(G9,Ev_c_LOK,0))<>$H$47,IF(INDEX(RegPopl,MATCH(G9,Ev_c_LOK,0))=0,CONCATENATE("je členem ",INDEX(NazevOddil,MATCH(G9,Ev_c_LOK,0))," a je neaktivní"),CONCATENATE("je členem ",INDEX(NazevOddil,MATCH(G9,Ev_c_LOK,0)))),IF(INDEX(RegPopl,MATCH(G9,Ev_c_LOK,0))>0,"","je neaktivní")),"jméno nebo/a rok narození neodpovídá Ev.č. LOK"),"není registrován v ŠSČR")) | AH9: =IF(OR(COUNTIF($G$9:$G$28,$G9)>1,AND($I9<>"",COUNTIF($I$9:$I$28,$I9)>1))," - duplicita ID"," ") | AI9: =AND($P$44<>"",ISNUMBER(SEARCH(MID($P$44,1,2),číselníky!H9))) -> TRUE | AJ9: =MATCH(TRUE,INDEX(ikluby,$AJ8+1):enikluby,0)+$AJ8 -> 8 | AK9: =IF(ISNUMBER(AJ9),INDEX(Oddil,AJ9),"") -> 11012 Šachový klub Viktoria Žižkov | AL9: =IF(OR(E9="",K9="není registrován v ŠSČR "),"",IF(INDEX(FED,MATCH(G9,Ev_c_LOK,0))<>"CZE","C",IF(CONCATENATE(INDEX(Kraj,MATCH(G9,Ev_c_LOK,0)),INDEX(KodOddilu,MATCH(G9,Ev_c_LOK,0)))<>$H$45,"H",""))) | AM9: =COUNTIF(B9,"V")+COUNTIF(B9,"H")+COUNTIF(B9,"C") -> 0 | AN9: =IF(AND(AM9>3,OR(B9="V",B9="H",B9="C")),"","Z") -> Z | AO9: =COUNTIF(AN9,"Z") -> 1 | AP9: =IF(AND(E9<>"",AO9<9,AN9="Z"),"Z","") | AQ9: =IF(AND(B9="",C9=""),"",IF(AND(B9<>"",C9=""),B9,IF(AND(B9<>"",C9<>""),CONCATENATE(B9,",",C9),IF(AND(B9="",C9<>""),CONCATENATE(" -,",C9)))))
A10: 2 | B10: =AL10 | C10: =AP10 | D10: =AQ10 | E10: =IF(G10="","",IF(ISNUMBER(MATCH(G10,Ev_c_LOK,0)),INDEX(Jmeno,MATCH(G10,Ev_c_LOK,0)),"")) | F10: =IF(G10="","",IF(ISNUMBER(MATCH(G10,Ev_c_LOK,0)),INDEX(RokNar,MATCH(G10,Ev_c_LOK,0)),"")) | H10: =IF(ISNUMBER(INDEX(ELOCR,MATCH(G10,Ev_c_LOK,0))),INDEX(ELOCR,MATCH(G10,Ev_c_LOK,0)),"") | I10: =IF(ISNUMBER(INDEX(FEvCis,MATCH(G10,Ev_c_LOK,0))),INDEX(FEvCis,MATCH(G10,Ev_c_LOK,0)),"") | J10: =IF(ISNUMBER(INDEX(ELOFIDE,MATCH(G10,Ev_c_LOK,0))),INDEX(ELOFIDE,MATCH(G10,Ev_c_LOK,0)),"") | K10: =CONCATENATE(AG10,AH10) | M10: =IF(ISNUMBER($AA$10),INDEX(Jmeno,$AA$10),"") | N10: =IF(ISNUMBER($AA$10),INDEX(RokNar,$AA$10),"") | O10: =IF(ISNUMBER($AA$10),INDEX(Ev_c_LOK,$AA$10),"") | P10: =IF(ISNUMBER($AA$10),INDEX(NazevOddil,$AA$10),"") | Q10: - povinné údaje o hráči jsou typ, příjmení a jméno hráče, ročník narození, Ev.č. LOK (u cizince Ev.č. FIDE) | AA10: =MATCH(TRUE,INDEX(vyMaska,$AA9+1):evyMaska,0)+$AA9 -> #VALUE! | AB10: =IF(ISNUMBER($AA10),INDEX(RegPopl,$AA10),"") | AC10: =IF(ISNUMBER($AA10),INDEX(Kraj,$AA10),"") | AD10: =IF(ISNUMBER($AA10),INDEX(KodOddilu,$AA10),"") | AE10: =IF(ISNUMBER($AA10),INDEX(NazevOddil,$AA10),"") | AF10: =IF(ISNUMBER($AA$10),INDEX(Ev_c_LOK,$AA$10),"") | AG10: =IF(AND(E10="",G10=""),"",IF(ISNUMBER(MATCH(G10,Ev_c_LOK,0)),IF(AND(E10=INDEX(Jmeno,MATCH(G10,Ev_c_LOK,0)),F10=INDEX(RokNar,MATCH(G10,Ev_c_LOK,0))),IF(INDEX(NazevOddil,MATCH(G10,Ev_c_LOK,0))<>$H$47,IF(INDEX(RegPopl,MATCH(G10,Ev_c_LOK,0))=0,CONCATENATE("je členem ",INDEX(NazevOddil,MATCH(G10,Ev_c_LOK,0))," a je neaktivní"),CONCATENATE("je členem ",INDEX(NazevOddil,MATCH(G10,Ev_c_LOK,0)))),IF(INDEX(RegPopl,MATCH(G10,Ev_c_LOK,0))>0,"","je neaktivní")),"jméno nebo/a rok narození neodpovídá Ev.č. LOK"),"není registrován v ŠSČR")) | AH10: =IF(OR(COUNTIF($G$9:$G$28,$G10)>1,AND($I10<>"",COUNTIF($I$9:$I$28,$I10)>1))," - duplicita ID"," ") | AI10: =AND($P$44<>"",ISNUMBER(SEARCH(MID($P$44,1,2),číselníky!H10))) -> TRUE | AJ10: =MATCH(TRUE,INDEX(ikluby,$AJ9+1):enikluby,0)+$AJ9 -> 9 | AK10: =IF(ISNUMBER(AJ10),INDEX(Oddil,AJ10),"") -> 11014 SK OAZA Praha | AL10: =IF(OR(E10="",K10="není registrován v ŠSČR "),"",IF(INDEX(FED,MATCH(G10,Ev_c_LOK,0))<>"CZE","C",IF(CONCATENATE(INDEX(Kraj,MATCH(G10,Ev_c_LOK,0)),INDEX(KodOddilu,MATCH(G10,Ev_c_LOK,0)))<>$H$45,"H",""))) | AM10: =COUNTIF(B$9:B10,"V")+COUNTIF(B$9:B10,"H")+COUNTIF(B$9:B10,"C") -> 0 | AN10: =IF(AND(AM10>3,OR(B10="V",B10="H",B10="C")),"","Z") -> Z | AO10: =COUNTIF(AN$9:AN10,"Z") -> 2 | AP10: =IF(AND(E10<>"",AO10<9,AN10="Z"),"Z","") | AQ10: =IF(AND(B10="",C10=""),"",IF(AND(B10<>"",C10=""),B10,IF(AND(B10<>"",C10<>""),CONCATENATE(B10,",",C10),IF(AND(B10="",C10<>""),CONCATENATE(" -,",C10)))))
A11: 3 | B11: =AL11 | C11: =AP11 | D11: =AQ11 | E11: =IF(G11="","",IF(ISNUMBER(MATCH(G11,Ev_c_LOK,0)),INDEX(Jmeno,MATCH(G11,Ev_c_LOK,0)),"")) | F11: =IF(G11="","",IF(ISNUMBER(MATCH(G11,Ev_c_LOK,0)),INDEX(RokNar,MATCH(G11,Ev_c_LOK,0)),"")) | H11: =IF(ISNUMBER(INDEX(ELOCR,MATCH(G11,Ev_c_LOK,0))),INDEX(ELOCR,MATCH(G11,Ev_c_LOK,0)),"") | I11: =IF(ISNUMBER(INDEX(FEvCis,MATCH(G11,Ev_c_LOK,0))),INDEX(FEvCis,MATCH(G11,Ev_c_LOK,0)),"") | J11: =IF(ISNUMBER(INDEX(ELOFIDE,MATCH(G11,Ev_c_LOK,0))),INDEX(ELOFIDE,MATCH(G11,Ev_c_LOK,0)),"") | K11: =CONCATENATE(AG11,AH11) | M11: =IF(ISNUMBER($AA$11),INDEX(Jmeno,$AA$11),"") | N11: =IF(ISNUMBER($AA$11),INDEX(RokNar,$AA$11),"") | O11: =IF(ISNUMBER($AA$11),INDEX(Ev_c_LOK,$AA$11),"") | P11: =IF(ISNUMBER($AA$11),INDEX(NazevOddil,$AA$11),"") | Q11: - příjmení a jméno uvádějte v tomto pořadí (ne opačně) | AA11: =MATCH(TRUE,INDEX(vyMaska,$AA10+1):evyMaska,0)+$AA10 -> #VALUE! | AB11: =IF(ISNUMBER($AA11),INDEX(RegPopl,$AA11),"") | AC11: =IF(ISNUMBER($AA11),INDEX(Kraj,$AA11),"") | AD11: =IF(ISNUMBER($AA11),INDEX(KodOddilu,$AA11),"") | AE11: =IF(ISNUMBER($AA11),INDEX(NazevOddil,$AA11),"") | AF11: =IF(ISNUMBER($AA$11),INDEX(Ev_c_LOK,$AA$11),"") | AG11: =IF(AND(E11="",G11=""),"",IF(ISNUMBER(MATCH(G11,Ev_c_LOK,0)),IF(AND(E11=INDEX(Jmeno,MATCH(G11,Ev_c_LOK,0)),F11=INDEX(RokNar,MATCH(G11,Ev_c_LOK,0))),IF(INDEX(NazevOddil,MATCH(G11,Ev_c_LOK,0))<>$H$47,IF(INDEX(RegPopl,MATCH(G11,Ev_c_LOK,0))=0,CONCATENATE("je členem ",INDEX(NazevOddil,MATCH(G11,Ev_c_LOK,0))," a je neaktivní"),CONCATENATE("je členem ",INDEX(NazevOddil,MATCH(G11,Ev_c_LOK,0)))),IF(INDEX(RegPopl,MATCH(G11,Ev_c_LOK,0))>0,"","je neaktivní")),"jméno nebo/a rok narození neodpovídá Ev.č. LOK"),"není registrován v ŠSČR")) | AH11: =IF(OR(COUNTIF($G$9:$G$28,$G11)>1,AND($I11<>"",COUNTIF($I$9:$I$28,$I11)>1))," - duplicita ID"," ") | AI11: =AND($P$44<>"",ISNUMBER(SEARCH(MID($P$44,1,2),číselníky!H11))) -> TRUE | AJ11: =MATCH(TRUE,INDEX(ikluby,$AJ10+1):enikluby,0)+$AJ10 -> 10 | AK11: =IF(ISNUMBER(AJ11),INDEX(Oddil,AJ11),"") -> 11015 TJ Kobylisy | AL11: =IF(OR(E11="",K11="není registrován v ŠSČR "),"",IF(INDEX(FED,MATCH(G11,Ev_c_LOK,0))<>"CZE","C",IF(CONCATENATE(INDEX(Kraj,MATCH(G11,Ev_c_LOK,0)),INDEX(KodOddilu,MATCH(G11,Ev_c_LOK,0)))<>$H$45,"H",""))) | AM11: =COUNTIF(B$9:B11,"V")+COUNTIF(B$9:B11,"H")+COUNTIF(B$9:B11,"C") -> 0 | AN11: =IF(AND(AM11>3,OR(B11="V",B11="H",B11="C")),"","Z") -> Z | AO11: =COUNTIF(AN$9:AN11,"Z") -> 3 | AP11: =IF(AND(E11<>"",AO11<9,AN11="Z"),"Z","") | AQ11: =IF(AND(B11="",C11=""),"",IF(AND(B11<>"",C11=""),B11,IF(AND(B11<>"",C11<>""),CONCATENATE(B11,",",C11),IF(AND(B11="",C11<>""),CONCATENATE(" -,",C11)))))
A12: 4 | B12: =AL12 | C12: =AP12 | D12: =AQ12 | E12: =IF(G12="","",IF(ISNUMBER(MATCH(G12,Ev_c_LOK,0)),INDEX(Jmeno,MATCH(G12,Ev_c_LOK,0)),"")) | F12: =IF(G12="","",IF(ISNUMBER(MATCH(G12,Ev_c_LOK,0)),INDEX(RokNar,MATCH(G12,Ev_c_LOK,0)),"")) | H12: =IF(ISNUMBER(INDEX(ELOCR,MATCH(G12,Ev_c_LOK,0))),INDEX(ELOCR,MATCH(G12,Ev_c_LOK,0)),"") | I12: =IF(ISNUMBER(INDEX(FEvCis,MATCH(G12,Ev_c_LOK,0))),INDEX(FEvCis,MATCH(G12,Ev_c_LOK,0)),"") | J12: =IF(ISNUMBER(INDEX(ELOFIDE,MATCH(G12,Ev_c_LOK,0))),INDEX(ELOFIDE,MATCH(G12,Ev_c_LOK,0)),"") | K12: =CONCATENATE(AG12,AH12) | M12: =IF(ISNUMBER($AA$12),INDEX(Jmeno,$AA$12),"") | N12: =IF(ISNUMBER($AA$12),INDEX(RokNar,$AA$12),"") | O12: =IF(ISNUMBER($AA$12),INDEX(Ev_c_LOK,$AA$12),"") | P12: =IF(ISNUMBER($AA$12),INDEX(NazevOddil,$AA$12),"") | Q12: - typ může nabývat hodnot: | T12: prázdný obsah | AA12: =MATCH(TRUE,INDEX(vyMaska,$AA11+1):evyMaska,0)+$AA11 -> #VALUE! | AB12: =IF(ISNUMBER($AA12),INDEX(RegPopl,$AA12),"") | AC12: =IF(ISNUMBER($AA12),INDEX(Kraj,$AA12),"") | AD12: =IF(ISNUMBER($AA12),INDEX(KodOddilu,$AA12),"") | AE12: =IF(ISNUMBER($AA12),INDEX(NazevOddil,$AA12),"") | AF12: =IF(ISNUMBER($AA$12),INDEX(Ev_c_LOK,$AA$12),"") | AG12: =IF(AND(E12="",G12=""),"",IF(ISNUMBER(MATCH(G12,Ev_c_LOK,0)),IF(AND(E12=INDEX(Jmeno,MATCH(G12,Ev_c_LOK,0)),F12=INDEX(RokNar,MATCH(G12,Ev_c_LOK,0))),IF(INDEX(NazevOddil,MATCH(G12,Ev_c_LOK,0))<>$H$47,IF(INDEX(RegPopl,MATCH(G12,Ev_c_LOK,0))=0,CONCATENATE("je členem ",INDEX(NazevOddil,MATCH(G12,Ev_c_LOK,0))," a je neaktivní"),CONCATENATE("je členem ",INDEX(NazevOddil,MATCH(G12,Ev_c_LOK,0)))),IF(INDEX(RegPopl,MATCH(G12,Ev_c_LOK,0))>0,"","je neaktivní")),"jméno nebo/a rok narození neodpovídá Ev.č. LOK"),"není registrován v ŠSČR")) | AH12: =IF(OR(COUNTIF($G$9:$G$28,$G12)>1,AND($I12<>"",COUNTIF($I$9:$I$28,$I12)>1))," - duplicita ID"," ") | AI12: =AND($P$44<>"",ISNUMBER(SEARCH(MID($P$44,1,2),číselníky!H12))) -> TRUE | AJ12: =MATCH(TRUE,INDEX(ikluby,$AJ11+1):enikluby,0)+$AJ11 -> 11 | AK12: =IF(ISNUMBER(AJ12),INDEX(Oddil,AJ12),"") -> 11016 ŠO Praga Praha | AL12: =IF(OR(E12="",K12="není registrován v ŠSČR "),"",IF(INDEX(FED,MATCH(G12,Ev_c_LOK,0))<>"CZE","C",IF(CONCATENATE(INDEX(Kraj,MATCH(G12,Ev_c_LOK,0)),INDEX(KodOddilu,MATCH(G12,Ev_c_LOK,0)))<>$H$45,"H",""))) | AM12: =COUNTIF(B$9:B12,"V")+COUNTIF(B$9:B12,"H")+COUNTIF(B$9:B12,"C") -> 0 | AN12: =IF(AND(AM12>3,OR(B12="V",B12="H",B12="C")),"","Z") -> Z | AO12: =COUNTIF(AN$9:AN12,"Z") -> 4 | AP12: =IF(AND(E12<>"",AO12<9,AN12="Z"),"Z","") | AQ12: =IF(AND(B12="",C12=""),"",IF(AND(B12<>"",C12=""),B12,IF(AND(B12<>"",C12<>""),CONCATENATE(B12,",",C12),IF(AND(B12="",C12<>""),CONCATENATE(" -,",C12)))))
A13: 5 | B13: =AL13 | C13: =AP13 | D13: =AQ13 | E13: =IF(G13="","",IF(ISNUMBER(MATCH(G13,Ev_c_LOK,0)),INDEX(Jmeno,MATCH(G13,Ev_c_LOK,0)),"")) | F13: =IF(G13="","",IF(ISNUMBER(MATCH(G13,Ev_c_LOK,0)),INDEX(RokNar,MATCH(G13,Ev_c_LOK,0)),"")) | H13: =IF(ISNUMBER(INDEX(ELOCR,MATCH(G13,Ev_c_LOK,0))),INDEX(ELOCR,MATCH(G13,Ev_c_LOK,0)),"") | I13: =IF(ISNUMBER(INDEX(FEvCis,MATCH(G13,Ev_c_LOK,0))),INDEX(FEvCis,MATCH(G13,Ev_c_LOK,0)),"") | J13: =IF(ISNUMBER(INDEX(ELOFIDE,MATCH(G13,Ev_c_LOK,0))),INDEX(ELOFIDE,MATCH(G13,Ev_c_LOK,0)),"") | K13: =CONCATENATE(AG13,AH13) | M13: =IF(ISNUMBER($AA$13),INDEX(Jmeno,$AA$13),"") | N13: =IF(ISNUMBER($AA$13),INDEX(RokNar,$AA$13),"") | O13: =IF(ISNUMBER($AA$13),INDEX(Ev_c_LOK,$AA$13),"") | P13: =IF(ISNUMBER($AA$13),INDEX(NazevOddil,$AA$13),"") | T13: V - volný hráč | AA13: =MATCH(TRUE,INDEX(vyMaska,$AA12+1):evyMaska,0)+$AA12 -> #VALUE! | AB13: =IF(ISNUMBER($AA13),INDEX(RegPopl,$AA13),"") | AC13: =IF(ISNUMBER($AA13),INDEX(Kraj,$AA13),"") | AD13: =IF(ISNUMBER($AA13),INDEX(KodOddilu,$AA13),"") | AE13: =IF(ISNUMBER($AA13),INDEX(NazevOddil,$AA13),"") | AF13: =IF(ISNUMBER($AA$13),INDEX(Ev_c_LOK,$AA$13),"") | AG13: =IF(AND(E13="",G13=""),"",IF(ISNUMBER(MATCH(G13,Ev_c_LOK,0)),IF(AND(E13=INDEX(Jmeno,MATCH(G13,Ev_c_LOK,0)),F13=INDEX(RokNar,MATCH(G13,Ev_c_LOK,0))),IF(INDEX(NazevOddil,MATCH(G13,Ev_c_LOK,0))<>$H$47,IF(INDEX(RegPopl,MATCH(G13,Ev_c_LOK,0))=0,CONCATENATE("je členem ",INDEX(NazevOddil,MATCH(G13,Ev_c_LOK,0))," a je neaktivní"),CONCATENATE("je členem ",INDEX(NazevOddil,MATCH(G13,Ev_c_LOK,0)))),IF(INDEX(RegPopl,MATCH(G13,Ev_c_LOK,0))>0,"","je neaktivní")),"jméno nebo/a rok narození neodpovídá Ev.č. LOK"),"není registrován v ŠSČR")) | AH13: =IF(OR(COUNTIF($G$9:$G$28,$G13)>1,AND($I13<>"",COUNTIF($I$9:$I$28,$I13)>1))," - duplicita ID"," ") | AI13: =AND($P$44<>"",ISNUMBER(SEARCH(MID($P$44,1,2),číselníky!H13))) -> TRUE | AJ13: =MATCH(TRUE,INDEX(ikluby,$AJ12+1):enikluby,0)+$AJ12 -> 12 | AK13: =IF(ISNUMBER(AJ13),INDEX(Oddil,AJ13),"") -> 11020 ŠK Mahrla Praha z.s. | AL13: =IF(OR(E13="",K13="není registrován v ŠSČR "),"",IF(INDEX(FED,MATCH(G13,Ev_c_LOK,0))<>"CZE","C",IF(CONCATENATE(INDEX(Kraj,MATCH(G13,Ev_c_LOK,0)),INDEX(KodOddilu,MATCH(G13,Ev_c_LOK,0)))<>$H$45,"H",""))) | AM13: =COUNTIF(B$9:B13,"V")+COUNTIF(B$9:B13,"H")+COUNTIF(B$9:B13,"C") -> 0 | AN13: =IF(AND(AM13>3,OR(B13="V",B13="H",B13="C")),"","Z") -> Z | AO13: =COUNTIF(AN$9:AN13,"Z") -> 5 | AP13: =IF(AND(E13<>"",AO13<9,AN13="Z"),"Z","") | AQ13: =IF(AND(B13="",C13=""),"",IF(AND(B13<>"",C13=""),B13,IF(AND(B13<>"",C13<>""),CONCATENATE(B13,",",C13),IF(AND(B13="",C13<>""),CONCATENATE(" -,",C13)))))
A14: 6 | B14: =AL14 | C14: =AP14 | D14: =AQ14 | E14: =IF(G14="","",IF(ISNUMBER(MATCH(G14,Ev_c_LOK,0)),INDEX(Jmeno,MATCH(G14,Ev_c_LOK,0)),"")) | F14: =IF(G14="","",IF(ISNUMBER(MATCH(G14,Ev_c_LOK,0)),INDEX(RokNar,MATCH(G14,Ev_c_LOK,0)),"")) | H14: =IF(ISNUMBER(INDEX(ELOCR,MATCH(G14,Ev_c_LOK,0))),INDEX(ELOCR,MATCH(G14,Ev_c_LOK,0)),"") | I14: =IF(ISNUMBER(INDEX(FEvCis,MATCH(G14,Ev_c_LOK,0))),INDEX(FEvCis,MATCH(G14,Ev_c_LOK,0)),"") | J14: =IF(ISNUMBER(INDEX(ELOFIDE,MATCH(G14,Ev_c_LOK,0))),INDEX(ELOFIDE,MATCH(G14,Ev_c_LOK,0)),"") | K14: =CONCATENATE(AG14,AH14) | M14: =IF(ISNUMBER($AA$14),INDEX(Jmeno,$AA$14),"") | N14: =IF(ISNUMBER($AA$14),INDEX(RokNar,$AA$14),"") | O14: =IF(ISNUMBER($AA$14),INDEX(Ev_c_LOK,$AA$14),"") | P14: =IF(ISNUMBER($AA$14),INDEX(NazevOddil,$AA$14),"") | T14: H - host | AA14: =MATCH(TRUE,INDEX(vyMaska,$AA13+1):evyMaska,0)+$AA13 -> #VALUE! | AB14: =IF(ISNUMBER($AA14),INDEX(RegPopl,$AA14),"") | AC14: =IF(ISNUMBER($AA14),INDEX(Kraj,$AA14),"") | AD14: =IF(ISNUMBER($AA14),INDEX(KodOddilu,$AA14),"") | AE14: =IF(ISNUMBER($AA14),INDEX(NazevOddil,$AA14),"") | AF14: =IF(ISNUMBER($AA$14),INDEX(Ev_c_LOK,$AA$14),"") | AG14: =IF(AND(E14="",G14=""),"",IF(ISNUMBER(MATCH(G14,Ev_c_LOK,0)),IF(AND(E14=INDEX(Jmeno,MATCH(G14,Ev_c_LOK,0)),F14=INDEX(RokNar,MATCH(G14,Ev_c_LOK,0))),IF(INDEX(NazevOddil,MATCH(G14,Ev_c_LOK,0))<>$H$47,IF(INDEX(RegPopl,MATCH(G14,Ev_c_LOK,0))=0,CONCATENATE("je členem ",INDEX(NazevOddil,MATCH(G14,Ev_c_LOK,0))," a je neaktivní"),CONCATENATE("je členem ",INDEX(NazevOddil,MATCH(G14,Ev_c_LOK,0)))),IF(INDEX(RegPopl,MATCH(G14,Ev_c_LOK,0))>0,"","je neaktivní")),"jméno nebo/a rok narození neodpovídá Ev.č. LOK"),"není registrován v ŠSČR")) | AH14: =IF(OR(COUNTIF($G$9:$G$28,$G14)>1,AND($I14<>"",COUNTIF($I$9:$I$28,$I14)>1))," - duplicita ID"," ") | AI14: =AND($P$44<>"",ISNUMBER(SEARCH(MID($P$44,1,2),číselníky!H14))) -> TRUE | AJ14: =MATCH(TRUE,INDEX(ikluby,$AJ13+1):enikluby,0)+$AJ13 -> 13 | AK14: =IF(ISNUMBER(AJ14),INDEX(Oddil,AJ14),"") -> 11022 SK Rapid Praha | AL14: =IF(OR(E14="",K14="není registrován v ŠSČR "),"",IF(INDEX(FED,MATCH(G14,Ev_c_LOK,0))<>"CZE","C",IF(CONCATENATE(INDEX(Kraj,MATCH(G14,Ev_c_LOK,0)),INDEX(KodOddilu,MATCH(G14,Ev_c_LOK,0)))<>$H$45,"H",""))) | AM14: =COUNTIF(B$9:B14,"V")+COUNTIF(B$9:B14,"H")+COUNTIF(B$9:B14,"C") -> 0 | AN14: =IF(AND(AM14>3,OR(B14="V",B14="H",B14="C")),"","Z") -> Z | AO14: =COUNTIF(AN$9:AN14,"Z") -> 6 | AP14: =IF(AND(E14<>"",AO14<9,AN14="Z"),"Z","") | AQ14: =IF(AND(B14="",C14=""),"",IF(AND(B14<>"",C14=""),B14,IF(AND(B14<>"",C14<>""),CONCATENATE(B14,",",C14),IF(AND(B14="",C14<>""),CONCATENATE(" -,",C14)))))
A15: 7 | B15: =AL15 | C15: =AP15 | D15: =AQ15 | E15: =IF(G15="","",IF(ISNUMBER(MATCH(G15,Ev_c_LOK,0)),INDEX(Jmeno,MATCH(G15,Ev_c_LOK,0)),"")) | F15: =IF(G15="","",IF(ISNUMBER(MATCH(G15,Ev_c_LOK,0)),INDEX(RokNar,MATCH(G15,Ev_c_LOK,0)),"")) | H15: =IF(ISNUMBER(INDEX(ELOCR,MATCH(G15,Ev_c_LOK,0))),INDEX(ELOCR,MATCH(G15,Ev_c_LOK,0)),"") | I15: =IF(ISNUMBER(INDEX(FEvCis,MATCH(G15,Ev_c_LOK,0))),INDEX(FEvCis,MATCH(G15,Ev_c_LOK,0)),"") | J15: =IF(ISNUMBER(INDEX(ELOFIDE,MATCH(G15,Ev_c_LOK,0))),INDEX(ELOFIDE,MATCH(G15,Ev_c_LOK,0)),"") | K15: =CONCATENATE(AG15,AH15) | M15: =IF(ISNUMBER($AA$15),INDEX(Jmeno,$AA$15),"") | N15: =IF(ISNUMBER($AA$15),INDEX(RokNar,$AA$15),"") | O15: =IF(ISNUMBER($AA$15),INDEX(Ev_c_LOK,$AA$15),"") | P15: =IF(ISNUMBER($AA$15),INDEX(NazevOddil,$AA$15),"") | T15: C - cizinec | AA15: =MATCH(TRUE,INDEX(vyMaska,$AA14+1):evyMaska,0)+$AA14 -> #VALUE! | AB15: =IF(ISNUMBER($AA15),INDEX(RegPopl,$AA15),"") | AC15: =IF(ISNUMBER($AA15),INDEX(Kraj,$AA15),"") | AD15: =IF(ISNUMBER($AA15),INDEX(KodOddilu,$AA15),"") | AE15: =IF(ISNUMBER($AA15),INDEX(NazevOddil,$AA15),"") | AF15: =IF(ISNUMBER($AA$15),INDEX(Ev_c_LOK,$AA$15),"") | AG15: =IF(AND(E15="",G15=""),"",IF(ISNUMBER(MATCH(G15,Ev_c_LOK,0)),IF(AND(E15=INDEX(Jmeno,MATCH(G15,Ev_c_LOK,0)),F15=INDEX(RokNar,MATCH(G15,Ev_c_LOK,0))),IF(INDEX(NazevOddil,MATCH(G15,Ev_c_LOK,0))<>$H$47,IF(INDEX(RegPopl,MATCH(G15,Ev_c_LOK,0))=0,CONCATENATE("je členem ",INDEX(NazevOddil,MATCH(G15,Ev_c_LOK,0))," a je neaktivní"),CONCATENATE("je členem ",INDEX(NazevOddil,MATCH(G15,Ev_c_LOK,0)))),IF(INDEX(RegPopl,MATCH(G15,Ev_c_LOK,0))>0,"","je neaktivní")),"jméno nebo/a rok narození neodpovídá Ev.č. LOK"),"není registrován v ŠSČR")) | AH15: =IF(OR(COUNTIF($G$9:$G$28,$G15)>1,AND($I15<>"",COUNTIF($I$9:$I$28,$I15)>1))," - duplicita ID"," ") | AI15: =AND($P$44<>"",ISNUMBER(SEARCH(MID($P$44,1,2),číselníky!H15))) -> TRUE | AJ15: =MATCH(TRUE,INDEX(ikluby,$AJ14+1):enikluby,0)+$AJ14 -> 14 | AK15: =IF(ISNUMBER(AJ15),INDEX(Oddil,AJ15),"") -> 11027 PSK Union Praha | AL15: =IF(OR(E15="",K15="není registrován v ŠSČR "),"",IF(INDEX(FED,MATCH(G15,Ev_c_LOK,0))<>"CZE","C",IF(CONCATENATE(INDEX(Kraj,MATCH(G15,Ev_c_LOK,0)),INDEX(KodOddilu,MATCH(G15,Ev_c_LOK,0)))<>$H$45,"H",""))) | AM15: =COUNTIF(B$9:B15,"V")+COUNTIF(B$9:B15,"H")+COUNTIF(B$9:B15,"C") -> 0 | AN15: =IF(AND(AM15>3,OR(B15="V",B15="H",B15="C")),"","Z") -> Z | AO15: =COUNTIF(AN$9:AN15,"Z") -> 7 | AP15: =IF(AND(E15<>"",AO15<9,AN15="Z"),"Z","") | AQ15: =IF(AND(B15="",C15=""),"",IF(AND(B15<>"",C15=""),B15,IF(AND(B15<>"",C15<>""),CONCATENATE(B15,",",C15),IF(AND(B15="",C15<>""),CONCATENATE(" -,",C15)))))
A16: 8 | B16: =AL16 | C16: =AP16 | D16: =AQ16 | E16: =IF(G16="","",IF(ISNUMBER(MATCH(G16,Ev_c_LOK,0)),INDEX(Jmeno,MATCH(G16,Ev_c_LOK,0)),"")) | F16: =IF(G16="","",IF(ISNUMBER(MATCH(G16,Ev_c_LOK,0)),INDEX(RokNar,MATCH(G16,Ev_c_LOK,0)),"")) | H16: =IF(ISNUMBER(INDEX(ELOCR,MATCH(G16,Ev_c_LOK,0))),INDEX(ELOCR,MATCH(G16,Ev_c_LOK,0)),"") | I16: =IF(ISNUMBER(INDEX(FEvCis,MATCH(G16,Ev_c_LOK,0))),INDEX(FEvCis,MATCH(G16,Ev_c_LOK,0)),"") | J16: =IF(ISNUMBER(INDEX(ELOFIDE,MATCH(G16,Ev_c_LOK,0))),INDEX(ELOFIDE,MATCH(G16,Ev_c_LOK,0)),"") | K16: =CONCATENATE(AG16,AH16) | M16: =IF(ISNUMBER($AA$16),INDEX(Jmeno,$AA$16),"") | N16: =IF(ISNUMBER($AA$16),INDEX(RokNar,$AA$16),"") | O16: =IF(ISNUMBER($AA$16),INDEX(Ev_c_LOK,$AA$16),"") | P16: =IF(ISNUMBER($AA$16),INDEX(NazevOddil,$AA$16),"") | T16: Z - hráč základní sestavy | AA16: =MATCH(TRUE,INDEX(vyMaska,$AA15+1):evyMaska,0)+$AA15 -> #VALUE! | AB16: =IF(ISNUMBER($AA16),INDEX(RegPopl,$AA16),"") | AC16: =IF(ISNUMBER($AA16),INDEX(Kraj,$AA16),"") | AD16: =IF(ISNUMBER($AA16),INDEX(KodOddilu,$AA16),"") | AE16: =IF(ISNUMBER($AA16),INDEX(NazevOddil,$AA16),"") | AF16: =IF(ISNUMBER($AA$16),INDEX(Ev_c_LOK,$AA$16),"") | AG16: =IF(AND(E16="",G16=""),"",IF(ISNUMBER(MATCH(G16,Ev_c_LOK,0)),IF(AND(E16=INDEX(Jmeno,MATCH(G16,Ev_c_LOK,0)),F16=INDEX(RokNar,MATCH(G16,Ev_c_LOK,0))),IF(INDEX(NazevOddil,MATCH(G16,Ev_c_LOK,0))<>$H$47,IF(INDEX(RegPopl,MATCH(G16,Ev_c_LOK,0))=0,CONCATENATE("je členem ",INDEX(NazevOddil,MATCH(G16,Ev_c_LOK,0))," a je neaktivní"),CONCATENATE("je členem ",INDEX(NazevOddil,MATCH(G16,Ev_c_LOK,0)))),IF(INDEX(RegPopl,MATCH(G16,Ev_c_LOK,0))>0,"","je neaktivní")),"jméno nebo/a rok narození neodpovídá Ev.č. LOK"),"není registrován v ŠSČR")) | AH16: =IF(OR(COUNTIF($G$9:$G$28,$G16)>1,AND($I16<>"",COUNTIF($I$9:$I$28,$I16)>1))," - duplicita ID"," ") | AI16: =AND($P$44<>"",ISNUMBER(SEARCH(MID($P$44,1,2),číselníky!H16))) -> TRUE | AJ16: =MATCH(TRUE,INDEX(ikluby,$AJ15+1):enikluby,0)+$AJ15 -> 15 | AK16: =IF(ISNUMBER(AJ16),INDEX(Oddil,AJ16),"") -> 11028 GROP Praha | AL16: =IF(OR(E16="",K16="není registrován v ŠSČR "),"",IF(INDEX(FED,MATCH(G16,Ev_c_LOK,0))<>"CZE","C",IF(CONCATENATE(INDEX(Kraj,MATCH(G16,Ev_c_LOK,0)),INDEX(KodOddilu,MATCH(G16,Ev_c_LOK,0)))<>$H$45,"H",""))) | AM16: =COUNTIF(B$9:B16,"V")+COUNTIF(B$9:B16,"H")+COUNTIF(B$9:B16,"C") -> 0 | AN16: =IF(AND(AM16>3,OR(B16="V",B16="H",B16="C")),"","Z") -> Z | AO16: =COUNTIF(AN$9:AN16,"Z") -> 8 | AP16: =IF(AND(E16<>"",AO16<9,AN16="Z"),"Z","") | AQ16: =IF(AND(B16="",C16=""),"",IF(AND(B16<>"",C16=""),B16,IF(AND(B16<>"",C16<>""),CONCATENATE(B16,",",C16),IF(AND(B16="",C16<>""),CONCATENATE(" -,",C16)))))
A17: 9 | B17: =AL17 | C17: =AP17 | D17: =AQ17 | E17: =IF(G17="","",IF(ISNUMBER(MATCH(G17,Ev_c_LOK,0)),INDEX(Jmeno,MATCH(G17,Ev_c_LOK,0)),"")) | F17: =IF(G17="","",IF(ISNUMBER(MATCH(G17,Ev_c_LOK,0)),INDEX(RokNar,MATCH(G17,Ev_c_LOK,0)),"")) | H17: =IF(ISNUMBER(INDEX(ELOCR,MATCH(G17,Ev_c_LOK,0))),INDEX(ELOCR,MATCH(G17,Ev_c_LOK,0)),"") | I17: =IF(ISNUMBER(INDEX(FEvCis,MATCH(G17,Ev_c_LOK,0))),INDEX(FEvCis,MATCH(G17,Ev_c_LOK,0)),"") | J17: =IF(ISNUMBER(INDEX(ELOFIDE,MATCH(G17,Ev_c_LOK,0))),INDEX(ELOFIDE,MATCH(G17,Ev_c_LOK,0)),"") | K17: =CONCATENATE(AG17,AH17) | M17: =IF(ISNUMBER($AA$17),INDEX(Jmeno,$AA$17),"") | N17: =IF(ISNUMBER($AA$17),INDEX(RokNar,$AA$17),"") | O17: =IF(ISNUMBER($AA$17),INDEX(Ev_c_LOK,$AA$17),"") | P17: =IF(ISNUMBER($AA$17),INDEX(NazevOddil,$AA$17),"") | T17: Z,V - volný hráč, který je hráčem základní sestavy | AA17: =MATCH(TRUE,INDEX(vyMaska,$AA16+1):evyMaska,0)+$AA16 -> #VALUE! | AB17: =IF(ISNUMBER($AA17),INDEX(RegPopl,$AA17),"") | AC17: =IF(ISNUMBER($AA17),INDEX(Kraj,$AA17),"") | AD17: =IF(ISNUMBER($AA17),INDEX(KodOddilu,$AA17),"") | AE17: =IF(ISNUMBER($AA17),INDEX(NazevOddil,$AA17),"") | AF17: =IF(ISNUMBER($AA$17),INDEX(Ev_c_LOK,$AA$17),"") | AG17: =IF(AND(E17="",G17=""),"",IF(ISNUMBER(MATCH(G17,Ev_c_LOK,0)),IF(AND(E17=INDEX(Jmeno,MATCH(G17,Ev_c_LOK,0)),F17=INDEX(RokNar,MATCH(G17,Ev_c_LOK,0))),IF(INDEX(NazevOddil,MATCH(G17,Ev_c_LOK,0))<>$H$47,IF(INDEX(RegPopl,MATCH(G17,Ev_c_LOK,0))=0,CONCATENATE("je členem ",INDEX(NazevOddil,MATCH(G17,Ev_c_LOK,0))," a je neaktivní"),CONCATENATE("je členem ",INDEX(NazevOddil,MATCH(G17,Ev_c_LOK,0)))),IF(INDEX(RegPopl,MATCH(G17,Ev_c_LOK,0))>0,"","je neaktivní")),"jméno nebo/a rok narození neodpovídá Ev.č. LOK"),"není registrován v ŠSČR")) | AH17: =IF(OR(COUNTIF($G$9:$G$28,$G17)>1,AND($I17<>"",COUNTIF($I$9:$I$28,$I17)>1))," - duplicita ID"," ") | AI17: =AND($P$44<>"",ISNUMBER(SEARCH(MID($P$44,1,2),číselníky!H17))) -> TRUE | AJ17: =MATCH(TRUE,INDEX(ikluby,$AJ16+1):enikluby,0)+$AJ16 -> 16 | AK17: =IF(ISNUMBER(AJ17),INDEX(Oddil,AJ17),"") -> 11029 ŠK Praha-Smíchov | AL17: =IF(OR(E17="",K17="není registrován v ŠSČR "),"",IF(INDEX(FED,MATCH(G17,Ev_c_LOK,0))<>"CZE","C",IF(CONCATENATE(INDEX(Kraj,MATCH(G17,Ev_c_LOK,0)),INDEX(KodOddilu,MATCH(G17,Ev_c_LOK,0)))<>$H$45,"H",""))) | AM17: =COUNTIF(B$9:B17,"V")+COUNTIF(B$9:B17,"H")+COUNTIF(B$9:B17,"C") -> 0 | AN17: =IF(AND(AM17>3,OR(B17="V",B17="H",B17="C")),"","Z") -> Z | AO17: =COUNTIF(AN$9:AN17,"Z") -> 9 | AP17: =IF(AND(E17<>"",AO17<9,AN17="Z"),"Z","") | AQ17: =IF(AND(B17="",C17=""),"",IF(AND(B17<>"",C17=""),B17,IF(AND(B17<>"",C17<>""),CONCATENATE(B17,",",C17),IF(AND(B17="",C17<>""),CONCATENATE(" -,",C17)))))
A18: 10 | B18: =AL18 | C18: =AP18 | D18: =AQ18 | E18: =IF(G18="","",IF(ISNUMBER(MATCH(G18,Ev_c_LOK,0)),INDEX(Jmeno,MATCH(G18,Ev_c_LOK,0)),"")) | F18: =IF(G18="","",IF(ISNUMBER(MATCH(G18,Ev_c_LOK,0)),INDEX(RokNar,MATCH(G18,Ev_c_LOK,0)),"")) | H18: =IF(ISNUMBER(INDEX(ELOCR,MATCH(G18,Ev_c_LOK,0))),INDEX(ELOCR,MATCH(G18,Ev_c_LOK,0)),"") | I18: =IF(ISNUMBER(INDEX(FEvCis,MATCH(G18,Ev_c_LOK,0))),INDEX(FEvCis,MATCH(G18,Ev_c_LOK,0)),"") | J18: =IF(ISNUMBER(INDEX(ELOFIDE,MATCH(G18,Ev_c_LOK,0))),INDEX(ELOFIDE,MATCH(G18,Ev_c_LOK,0)),"") | K18: =CONCATENATE(AG18,AH18) | M18: =IF(ISNUMBER($AA$18),INDEX(Jmeno,$AA$18),"") | N18: =IF(ISNUMBER($AA$18),INDEX(RokNar,$AA$18),"") | O18: =IF(ISNUMBER($AA$18),INDEX(Ev_c_LOK,$AA$18),"") | P18: =IF(ISNUMBER($AA$18),INDEX(NazevOddil,$AA$18),"") | T18: Z,H - host, který je hráčem základní sestavy | AA18: =MATCH(TRUE,INDEX(vyMaska,$AA17+1):evyMaska,0)+$AA17 -> #VALUE! | AB18: =IF(ISNUMBER($AA18),INDEX(RegPopl,$AA18),"") | AC18: =IF(ISNUMBER($AA18),INDEX(Kraj,$AA18),"") | AD18: =IF(ISNUMBER($AA18),INDEX(KodOddilu,$AA18),"") | AE18: =IF(ISNUMBER($AA18),INDEX(NazevOddil,$AA18),"") | AF18: =IF(ISNUMBER($AA$18),INDEX(Ev_c_LOK,$AA$18),"") | AG18: =IF(AND(E18="",G18=""),"",IF(ISNUMBER(MATCH(G18,Ev_c_LOK,0)),IF(AND(E18=INDEX(Jmeno,MATCH(G18,Ev_c_LOK,0)),F18=INDEX(RokNar,MATCH(G18,Ev_c_LOK,0))),IF(INDEX(NazevOddil,MATCH(G18,Ev_c_LOK,0))<>$H$47,IF(INDEX(RegPopl,MATCH(G18,Ev_c_LOK,0))=0,CONCATENATE("je členem ",INDEX(NazevOddil,MATCH(G18,Ev_c_LOK,0))," a je neaktivní"),CONCATENATE("je členem ",INDEX(NazevOddil,MATCH(G18,Ev_c_LOK,0)))),IF(INDEX(RegPopl,MATCH(G18,Ev_c_LOK,0))>0,"","je neaktivní")),"jméno nebo/a rok narození neodpovídá Ev.č. LOK"),"není registrován v ŠSČR")) | AH18: =IF(OR(COUNTIF($G$9:$G$28,$G18)>1,AND($I18<>"",COUNTIF($I$9:$I$28,$I18)>1))," - duplicita ID"," ") | AI18: =AND($P$44<>"",ISNUMBER(SEARCH(MID($P$44,1,2),číselníky!H18))) -> TRUE | AJ18: =MATCH(TRUE,INDEX(ikluby,$AJ17+1):enikluby,0)+$AJ17 -> 17 | AK18: =IF(ISNUMBER(AJ18),INDEX(Oddil,AJ18),"") -> 11032 DDM Praha 6 | AL18: =IF(OR(E18="",K18="není registrován v ŠSČR "),"",IF(INDEX(FED,MATCH(G18,Ev_c_LOK,0))<>"CZE","C",IF(CONCATENATE(INDEX(Kraj,MATCH(G18,Ev_c_LOK,0)),INDEX(KodOddilu,MATCH(G18,Ev_c_LOK,0)))<>$H$45,"H",""))) | AM18: =COUNTIF(B$9:B18,"V")+COUNTIF(B$9:B18,"H")+COUNTIF(B$9:B18,"C") -> 0 | AN18: =IF(AND(AM18>3,OR(B18="V",B18="H",B18="C")),"","Z") -> Z | AO18: =COUNTIF(AN$9:AN18,"Z") -> 10 | AP18: =IF(AND(E18<>"",AO18<9,AN18="Z"),"Z","") | AQ18: =IF(AND(B18="",C18=""),"",IF(AND(B18<>"",C18=""),B18,IF(AND(B18<>"",C18<>""),CONCATENATE(B18,",",C18),IF(AND(B18="",C18<>""),CONCATENATE(" -,",C18)))))
A19: 11 | B19: =AL19 | C19: =AP19 | D19: =AQ19 | E19: =IF(G19="","",IF(ISNUMBER(MATCH(G19,Ev_c_LOK,0)),INDEX(Jmeno,MATCH(G19,Ev_c_LOK,0)),"")) | F19: =IF(G19="","",IF(ISNUMBER(MATCH(G19,Ev_c_LOK,0)),INDEX(RokNar,MATCH(G19,Ev_c_LOK,0)),"")) | H19: =IF(ISNUMBER(INDEX(ELOCR,MATCH(G19,Ev_c_LOK,0))),INDEX(ELOCR,MATCH(G19,Ev_c_LOK,0)),"") | I19: =IF(ISNUMBER(INDEX(FEvCis,MATCH(G19,Ev_c_LOK,0))),INDEX(FEvCis,MATCH(G19,Ev_c_LOK,0)),"") | J19: =IF(ISNUMBER(INDEX(ELOFIDE,MATCH(G19,Ev_c_LOK,0))),INDEX(ELOFIDE,MATCH(G19,Ev_c_LOK,0)),"") | K19: =CONCATENATE(AG19,AH19) | M19: =IF(ISNUMBER($AA$19),INDEX(Jmeno,$AA$19),"") | N19: =IF(ISNUMBER($AA$19),INDEX(RokNar,$AA$19),"") | O19: =IF(ISNUMBER($AA$19),INDEX(Ev_c_LOK,$AA$19),"") | P19: =IF(ISNUMBER($AA$19),INDEX(NazevOddil,$AA$19),"") | T19: Z,C - cizinec, který je hráčem základní sestavy | AA19: =MATCH(TRUE,INDEX(vyMaska,$AA18+1):evyMaska,0)+$AA18 -> #VALUE! | AB19: =IF(ISNUMBER($AA19),INDEX(RegPopl,$AA19),"") | AC19: =IF(ISNUMBER($AA19),INDEX(Kraj,$AA19),"") | AD19: =IF(ISNUMBER($AA19),INDEX(KodOddilu,$AA19),"") | AE19: =IF(ISNUMBER($AA19),INDEX(NazevOddil,$AA19),"") | AF19: =IF(ISNUMBER($AA$19),INDEX(Ev_c_LOK,$AA$19),"") | AG19: =IF(AND(E19="",G19=""),"",IF(ISNUMBER(MATCH(G19,Ev_c_LOK,0)),IF(AND(E19=INDEX(Jmeno,MATCH(G19,Ev_c_LOK,0)),F19=INDEX(RokNar,MATCH(G19,Ev_c_LOK,0))),IF(INDEX(NazevOddil,MATCH(G19,Ev_c_LOK,0))<>$H$47,IF(INDEX(RegPopl,MATCH(G19,Ev_c_LOK,0))=0,CONCATENATE("je členem ",INDEX(NazevOddil,MATCH(G19,Ev_c_LOK,0))," a je neaktivní"),CONCATENATE("je členem ",INDEX(NazevOddil,MATCH(G19,Ev_c_LOK,0)))),IF(INDEX(RegPopl,MATCH(G19,Ev_c_LOK,0))>0,"","je neaktivní")),"jméno nebo/a rok narození neodpovídá Ev.č. LOK"),"není registrován v ŠSČR")) | AH19: =IF(OR(COUNTIF($G$9:$G$28,$G19)>1,AND($I19<>"",COUNTIF($I$9:$I$28,$I19)>1))," - duplicita ID"," ") | AI19: =AND($P$44<>"",ISNUMBER(SEARCH(MID($P$44,1,2),číselníky!H19))) -> TRUE | AJ19: =MATCH(TRUE,INDEX(ikluby,$AJ18+1):enikluby,0)+$AJ18 -> 18 | AK19: =IF(ISNUMBER(AJ19),INDEX(Oddil,AJ19),"") -> 11033 TJ Zora Praha | AL19: =IF(OR(E19="",K19="není registrován v ŠSČR "),"",IF(INDEX(FED,MATCH(G19,Ev_c_LOK,0))<>"CZE","C",IF(CONCATENATE(INDEX(Kraj,MATCH(G19,Ev_c_LOK,0)),INDEX(KodOddilu,MATCH(G19,Ev_c_LOK,0)))<>$H$45,"H",""))) | AM19: =COUNTIF(B$9:B19,"V")+COUNTIF(B$9:B19,"H")+COUNTIF(B$9:B19,"C") -> 0 | AN19: =IF(AND(AM19>3,OR(B19="V",B19="H",B19="C")),"","Z") -> Z | AO19: =COUNTIF(AN$9:AN19,"Z") -> 11 | AP19: =IF(AND(E19<>"",AO19<9,AN19="Z"),"Z","") | AQ19: =IF(AND(B19="",C19=""),"",IF(AND(B19<>"",C19=""),B19,IF(AND(B19<>"",C19<>""),CONCATENATE(B19,",",C19),IF(AND(B19="",C19<>""),CONCATENATE(" -,",C19)))))
A20: 12 | B20: =AL20 | C20: =AP20 | D20: =AQ20 | E20: =IF(G20="","",IF(ISNUMBER(MATCH(G20,Ev_c_LOK,0)),INDEX(Jmeno,MATCH(G20,Ev_c_LOK,0)),"")) | F20: =IF(G20="","",IF(ISNUMBER(MATCH(G20,Ev_c_LOK,0)),INDEX(RokNar,MATCH(G20,Ev_c_LOK,0)),"")) | H20: =IF(ISNUMBER(INDEX(ELOCR,MATCH(G20,Ev_c_LOK,0))),INDEX(ELOCR,MATCH(G20,Ev_c_LOK,0)),"") | I20: =IF(ISNUMBER(INDEX(FEvCis,MATCH(G20,Ev_c_LOK,0))),INDEX(FEvCis,MATCH(G20,Ev_c_LOK,0)),"") | J20: =IF(ISNUMBER(INDEX(ELOFIDE,MATCH(G20,Ev_c_LOK,0))),INDEX(ELOFIDE,MATCH(G20,Ev_c_LOK,0)),"") | K20: =CONCATENATE(AG20,AH20) | M20: =IF(ISNUMBER($AA$20),INDEX(Jmeno,$AA$20),"") | N20: =IF(ISNUMBER($AA$20),INDEX(RokNar,$AA$20),"") | O20: =IF(ISNUMBER($AA$20),INDEX(Ev_c_LOK,$AA$20),"") | P20: =IF(ISNUMBER($AA$20),INDEX(NazevOddil,$AA$20),"") | AA20: =MATCH(TRUE,INDEX(vyMaska,$AA19+1):evyMaska,0)+$AA19 -> #VALUE! | AB20: =IF(ISNUMBER($AA20),INDEX(RegPopl,$AA20),"") | AC20: =IF(ISNUMBER($AA20),INDEX(Kraj,$AA20),"") | AD20: =IF(ISNUMBER($AA20),INDEX(KodOddilu,$AA20),"") | AE20: =IF(ISNUMBER($AA20),INDEX(NazevOddil,$AA20),"") | AF20: =IF(ISNUMBER($AA$20),INDEX(Ev_c_LOK,$AA$20),"") | AG20: =IF(AND(E20="",G20=""),"",IF(ISNUMBER(MATCH(G20,Ev_c_LOK,0)),IF(AND(E20=INDEX(Jmeno,MATCH(G20,Ev_c_LOK,0)),F20=INDEX(RokNar,MATCH(G20,Ev_c_LOK,0))),IF(INDEX(NazevOddil,MATCH(G20,Ev_c_LOK,0))<>$H$47,IF(INDEX(RegPopl,MATCH(G20,Ev_c_LOK,0))=0,CONCATENATE("je členem ",INDEX(NazevOddil,MATCH(G20,Ev_c_LOK,0))," a je neaktivní"),CONCATENATE("je členem ",INDEX(NazevOddil,MATCH(G20,Ev_c_LOK,0)))),IF(INDEX(RegPopl,MATCH(G20,Ev_c_LOK,0))>0,"","je neaktivní")),"jméno nebo/a rok narození neodpovídá Ev.č. LOK"),"není registrován v ŠSČR")) | AH20: =IF(OR(COUNTIF($G$9:$G$28,$G20)>1,AND($I20<>"",COUNTIF($I$9:$I$28,$I20)>1))," - duplicita ID"," ") | AI20: =AND($P$44<>"",ISNUMBER(SEARCH(MID($P$44,1,2),číselníky!H20))) -> TRUE | AJ20: =MATCH(TRUE,INDEX(ikluby,$AJ19+1):enikluby,0)+$AJ19 -> 19 | AK20: =IF(ISNUMBER(AJ20),INDEX(Oddil,AJ20),"") -> 11048 SK LISA | AL20: =IF(OR(E20="",K20="není registrován v ŠSČR "),"",IF(INDEX(FED,MATCH(G20,Ev_c_LOK,0))<>"CZE","C",IF(CONCATENATE(INDEX(Kraj,MATCH(G20,Ev_c_LOK,0)),INDEX(KodOddilu,MATCH(G20,Ev_c_LOK,0)))<>$H$45,"H",""))) | AM20: =COUNTIF(B$9:B20,"V")+COUNTIF(B$9:B20,"H")+COUNTIF(B$9:B20,"C") -> 0 | AN20: =IF(AND(AM20>3,OR(B20="V",B20="H",B20="C")),"","Z") -> Z | AO20: =COUNTIF(AN$9:AN20,"Z") -> 12 | AP20: =IF(AND(E20<>"",AO20<9,AN20="Z"),"Z","") | AQ20: =IF(AND(B20="",C20=""),"",IF(AND(B20<>"",C20=""),B20,IF(AND(B20<>"",C20<>""),CONCATENATE(B20,",",C20),IF(AND(B20="",C20<>""),CONCATENATE(" -,",C20)))))
A21: 13 | B21: =AL21 | C21: =AP21 | D21: =AQ21 | E21: =IF(G21="","",IF(ISNUMBER(MATCH(G21,Ev_c_LOK,0)),INDEX(Jmeno,MATCH(G21,Ev_c_LOK,0)),"")) | F21: =IF(G21="","",IF(ISNUMBER(MATCH(G21,Ev_c_LOK,0)),INDEX(RokNar,MATCH(G21,Ev_c_LOK,0)),"")) | H21: =IF(ISNUMBER(INDEX(ELOCR,MATCH(G21,Ev_c_LOK,0))),INDEX(ELOCR,MATCH(G21,Ev_c_LOK,0)),"") | I21: =IF(ISNUMBER(INDEX(FEvCis,MATCH(G21,Ev_c_LOK,0))),INDEX(FEvCis,MATCH(G21,Ev_c_LOK,0)),"") | J21: =IF(ISNUMBER(INDEX(ELOFIDE,MATCH(G21,Ev_c_LOK,0))),INDEX(ELOFIDE,MATCH(G21,Ev_c_LOK,0)),"") | K21: =CONCATENATE(AG21,AH21) | M21: =IF(ISNUMBER($AA$21),INDEX(Jmeno,$AA$21),"") | N21: =IF(ISNUMBER($AA$21),INDEX(RokNar,$AA$21),"") | O21: =IF(ISNUMBER($AA$21),INDEX(Ev_c_LOK,$AA$21),"") | P21: =IF(ISNUMBER($AA$21),INDEX(NazevOddil,$AA$21),"") | Q21: Tento formuář je propojen s daatabází členů ŠSČR, takže je možné využít automatického dosazování | AA21: =MATCH(TRUE,INDEX(vyMaska,$AA20+1):evyMaska,0)+$AA20 -> #VALUE! | AB21: =IF(ISNUMBER($AA21),INDEX(RegPopl,$AA21),"") | AC21: =IF(ISNUMBER($AA21),INDEX(Kraj,$AA21),"") | AD21: =IF(ISNUMBER($AA21),INDEX(KodOddilu,$AA21),"") | AE21: =IF(ISNUMBER($AA21),INDEX(NazevOddil,$AA21),"") | AF21: =IF(ISNUMBER($AA$21),INDEX(Ev_c_LOK,$AA$21),"") | AG21: =IF(AND(E21="",G21=""),"",IF(ISNUMBER(MATCH(G21,Ev_c_LOK,0)),IF(AND(E21=INDEX(Jmeno,MATCH(G21,Ev_c_LOK,0)),F21=INDEX(RokNar,MATCH(G21,Ev_c_LOK,0))),IF(INDEX(NazevOddil,MATCH(G21,Ev_c_LOK,0))<>$H$47,IF(INDEX(RegPopl,MATCH(G21,Ev_c_LOK,0))=0,CONCATENATE("je členem ",INDEX(NazevOddil,MATCH(G21,Ev_c_LOK,0))," a je neaktivní"),CONCATENATE("je členem ",INDEX(NazevOddil,MATCH(G21,Ev_c_LOK,0)))),IF(INDEX(RegPopl,MATCH(G21,Ev_c_LOK,0))>0,"","je neaktivní")),"jméno nebo/a rok narození neodpovídá Ev.č. LOK"),"není registrován v ŠSČR")) | AH21: =IF(OR(COUNTIF($G$9:$G$28,$G21)>1,AND($I21<>"",COUNTIF($I$9:$I$28,$I21)>1))," - duplicita ID"," ") | AI21: =AND($P$44<>"",ISNUMBER(SEARCH(MID($P$44,1,2),číselníky!H21))) -> TRUE | AJ21: =MATCH(TRUE,INDEX(ikluby,$AJ20+1):enikluby,0)+$AJ20 -> 20 | AK21: =IF(ISNUMBER(AJ21),INDEX(Oddil,AJ21),"") -> 11050 Unichess | AL21: =IF(OR(E21="",K21="není registrován v ŠSČR "),"",IF(INDEX(FED,MATCH(G21,Ev_c_LOK,0))<>"CZE","C",IF(CONCATENATE(INDEX(Kraj,MATCH(G21,Ev_c_LOK,0)),INDEX(KodOddilu,MATCH(G21,Ev_c_LOK,0)))<>$H$45,"H",""))) | AM21: =COUNTIF(B$9:B21,"V")+COUNTIF(B$9:B21,"H")+COUNTIF(B$9:B21,"C") -> 0 | AN21: =IF(AND(AM21>3,OR(B21="V",B21="H",B21="C")),"","Z") -> Z | AO21: =COUNTIF(AN$9:AN21,"Z") -> 13 | AP21: =IF(AND(E21<>"",AO21<9,AN21="Z"),"Z","") | AQ21: =IF(AND(B21="",C21=""),"",IF(AND(B21<>"",C21=""),B21,IF(AND(B21<>"",C21<>""),CONCATENATE(B21,",",C21),IF(AND(B21="",C21<>""),CONCATENATE(" -,",C21)))))
A22: 14 | B22: =AL22 | C22: =AP22 | D22: =AQ22 | E22: =IF(G22="","",IF(ISNUMBER(MATCH(G22,Ev_c_LOK,0)),INDEX(Jmeno,MATCH(G22,Ev_c_LOK,0)),"")) | F22: =IF(G22="","",IF(ISNUMBER(MATCH(G22,Ev_c_LOK,0)),INDEX(RokNar,MATCH(G22,Ev_c_LOK,0)),"")) | H22: =IF(ISNUMBER(INDEX(ELOCR,MATCH(G22,Ev_c_LOK,0))),INDEX(ELOCR,MATCH(G22,Ev_c_LOK,0)),"") | I22: =IF(ISNUMBER(INDEX(FEvCis,MATCH(G22,Ev_c_LOK,0))),INDEX(FEvCis,MATCH(G22,Ev_c_LOK,0)),"") | J22: =IF(ISNUMBER(INDEX(ELOFIDE,MATCH(G22,Ev_c_LOK,0))),INDEX(ELOFIDE,MATCH(G22,Ev_c_LOK,0)),"") | K22: =CONCATENATE(AG22,AH22) | M22: =IF(ISNUMBER($AA$22),INDEX(Jmeno,$AA$22),"") | N22: =IF(ISNUMBER($AA$22),INDEX(RokNar,$AA$22),"") | O22: =IF(ISNUMBER($AA$22),INDEX(Ev_c_LOK,$AA$22),"") | P22: =IF(ISNUMBER($AA$22),INDEX(NazevOddil,$AA$22),"") | Q22: údaků o hráči zadáním pouze Ev.č. LOK, a případou nápovědu vyhledáváním přes buňku K7. | AA22: =MATCH(TRUE,INDEX(vyMaska,$AA21+1):evyMaska,0)+$AA21 -> #VALUE! | AB22: =IF(ISNUMBER($AA22),INDEX(RegPopl,$AA22),"") | AC22: =IF(ISNUMBER($AA22),INDEX(Kraj,$AA22),"") | AD22: =IF(ISNUMBER($AA22),INDEX(KodOddilu,$AA22),"") | AE22: =IF(ISNUMBER($AA22),INDEX(NazevOddil,$AA22),"") | AF22: =IF(ISNUMBER($AA$22),INDEX(Ev_c_LOK,$AA$22),"") | AG22: =IF(AND(E22="",G22=""),"",IF(ISNUMBER(MATCH(G22,Ev_c_LOK,0)),IF(AND(E22=INDEX(Jmeno,MATCH(G22,Ev_c_LOK,0)),F22=INDEX(RokNar,MATCH(G22,Ev_c_LOK,0))),IF(INDEX(NazevOddil,MATCH(G22,Ev_c_LOK,0))<>$H$47,IF(INDEX(RegPopl,MATCH(G22,Ev_c_LOK,0))=0,CONCATENATE("je členem ",INDEX(NazevOddil,MATCH(G22,Ev_c_LOK,0))," a je neaktivní"),CONCATENATE("je členem ",INDEX(NazevOddil,MATCH(G22,Ev_c_LOK,0)))),IF(INDEX(RegPopl,MATCH(G22,Ev_c_LOK,0))>0,"","je neaktivní")),"jméno nebo/a rok narození neodpovídá Ev.č. LOK"),"není registrován v ŠSČR")) | AH22: =IF(OR(COUNTIF($G$9:$G$28,$G22)>1,AND($I22<>"",COUNTIF($I$9:$I$28,$I22)>1))," - duplicita ID"," ") | AI22: =AND($P$44<>"",ISNUMBER(SEARCH(MID($P$44,1,2),číselníky!H22))) -> TRUE | AJ22: =MATCH(TRUE,INDEX(ikluby,$AJ21+1):enikluby,0)+$AJ21 -> 21 | AK22: =IF(ISNUMBER(AJ22),INDEX(Oddil,AJ22),"") -> 11051 Šachový klub Bohnice | AL22: =IF(OR(E22="",K22="není registrován v ŠSČR "),"",IF(INDEX(FED,MATCH(G22,Ev_c_LOK,0))<>"CZE","C",IF(CONCATENATE(INDEX(Kraj,MATCH(G22,Ev_c_LOK,0)),INDEX(KodOddilu,MATCH(G22,Ev_c_LOK,0)))<>$H$45,"H",""))) | AM22: =COUNTIF(B$9:B22,"V")+COUNTIF(B$9:B22,"H")+COUNTIF(B$9:B22,"C") -> 0 | AN22: =IF(AND(AM22>3,OR(B22="V",B22="H",B22="C")),"","Z") -> Z | AO22: =COUNTIF(AN$9:AN22,"Z") -> 14 | AP22: =IF(AND(E22<>"",AO22<9,AN22="Z"),"Z","") | AQ22: =IF(AND(B22="",C22=""),"",IF(AND(B22<>"",C22=""),B22,IF(AND(B22<>"",C22<>""),CONCATENATE(B22,",",C22),IF(AND(B22="",C22<>""),CONCATENATE(" -,",C22)))))
A23: 15 | B23: =AL23 | C23: =AP23 | D23: =AQ23 | E23: =IF(G23="","",IF(ISNUMBER(MATCH(G23,Ev_c_LOK,0)),INDEX(Jmeno,MATCH(G23,Ev_c_LOK,0)),"")) | F23: =IF(G23="","",IF(ISNUMBER(MATCH(G23,Ev_c_LOK,0)),INDEX(RokNar,MATCH(G23,Ev_c_LOK,0)),"")) | H23: =IF(ISNUMBER(INDEX(ELOCR,MATCH(G23,Ev_c_LOK,0))),INDEX(ELOCR,MATCH(G23,Ev_c_LOK,0)),"") | I23: =IF(ISNUMBER(INDEX(FEvCis,MATCH(G23,Ev_c_LOK,0))),INDEX(FEvCis,MATCH(G23,Ev_c_LOK,0)),"") | J23: =IF(ISNUMBER(INDEX(ELOFIDE,MATCH(G23,Ev_c_LOK,0))),INDEX(ELOFIDE,MATCH(G23,Ev_c_LOK,0)),"") | K23: =CONCATENATE(AG23,AH23) | M23: =IF(ISNUMBER($AA$23),INDEX(Jmeno,$AA$23),"") | N23: =IF(ISNUMBER($AA$23),INDEX(RokNar,$AA$23),"") | O23: =IF(ISNUMBER($AA$23),INDEX(Ev_c_LOK,$AA$23),"") | P23: =IF(ISNUMBER($AA$23),INDEX(NazevOddil,$AA$23),"") | AA23: =MATCH(TRUE,INDEX(vyMaska,$AA22+1):evyMaska,0)+$AA22 -> #VALUE! | AB23: =IF(ISNUMBER($AA23),INDEX(RegPopl,$AA23),"") | AC23: =IF(ISNUMBER($AA23),INDEX(Kraj,$AA23),"") | AD23: =IF(ISNUMBER($AA23),INDEX(KodOddilu,$AA23),"") | AE23: =IF(ISNUMBER($AA23),INDEX(NazevOddil,$AA23),"") | AF23: =IF(ISNUMBER($AA$23),INDEX(Ev_c_LOK,$AA$23),"") | AG23: =IF(AND(E23="",G23=""),"",IF(ISNUMBER(MATCH(G23,Ev_c_LOK,0)),IF(AND(E23=INDEX(Jmeno,MATCH(G23,Ev_c_LOK,0)),F23=INDEX(RokNar,MATCH(G23,Ev_c_LOK,0))),IF(INDEX(NazevOddil,MATCH(G23,Ev_c_LOK,0))<>$H$47,IF(INDEX(RegPopl,MATCH(G23,Ev_c_LOK,0))=0,CONCATENATE("je členem ",INDEX(NazevOddil,MATCH(G23,Ev_c_LOK,0))," a je neaktivní"),CONCATENATE("je členem ",INDEX(NazevOddil,MATCH(G23,Ev_c_LOK,0)))),IF(INDEX(RegPopl,MATCH(G23,Ev_c_LOK,0))>0,"","je neaktivní")),"jméno nebo/a rok narození neodpovídá Ev.č. LOK"),"není registrován v ŠSČR")) | AH23: =IF(OR(COUNTIF($G$9:$G$28,$G23)>1,AND($I23<>"",COUNTIF($I$9:$I$28,$I23)>1))," - duplicita ID"," ") | AI23: =AND($P$44<>"",ISNUMBER(SEARCH(MID($P$44,1,2),číselníky!H23))) -> TRUE | AJ23: =MATCH(TRUE,INDEX(ikluby,$AJ22+1):enikluby,0)+$AJ22 -> 22 | AK23: =IF(ISNUMBER(AJ23),INDEX(Oddil,AJ23),"") -> 11053 SK Lokomotiva Radlice | AL23: =IF(OR(E23="",K23="není registrován v ŠSČR "),"",IF(INDEX(FED,MATCH(G23,Ev_c_LOK,0))<>"CZE","C",IF(CONCATENATE(INDEX(Kraj,MATCH(G23,Ev_c_LOK,0)),INDEX(KodOddilu,MATCH(G23,Ev_c_LOK,0)))<>$H$45,"H",""))) | AM23: =COUNTIF(B$9:B23,"V")+COUNTIF(B$9:B23,"H")+COUNTIF(B$9:B23,"C") -> 0 | AN23: =IF(AND(AM23>3,OR(B23="V",B23="H",B23="C")),"","Z") -> Z | AO23: =COUNTIF(AN$9:AN23,"Z") -> 15 | AP23: =IF(AND(E23<>"",AO23<9,AN23="Z"),"Z","") | AQ23: =IF(AND(B23="",C23=""),"",IF(AND(B23<>"",C23=""),B23,IF(AND(B23<>"",C23<>""),CONCATENATE(B23,",",C23),IF(AND(B23="",C23<>""),CONCATENATE(" -,",C23)))))
A24: 16 | B24: =AL24 | C24: =AP24 | D24: =AQ24 | E24: =IF(G24="","",IF(ISNUMBER(MATCH(G24,Ev_c_LOK,0)),INDEX(Jmeno,MATCH(G24,Ev_c_LOK,0)),"")) | F24: =IF(G24="","",IF(ISNUMBER(MATCH(G24,Ev_c_LOK,0)),INDEX(RokNar,MATCH(G24,Ev_c_LOK,0)),"")) | H24: =IF(ISNUMBER(INDEX(ELOCR,MATCH(G24,Ev_c_LOK,0))),INDEX(ELOCR,MATCH(G24,Ev_c_LOK,0)),"") | I24: =IF(ISNUMBER(INDEX(FEvCis,MATCH(G24,Ev_c_LOK,0))),INDEX(FEvCis,MATCH(G24,Ev_c_LOK,0)),"") | J24: =IF(ISNUMBER(INDEX(ELOFIDE,MATCH(G24,Ev_c_LOK,0))),INDEX(ELOFIDE,MATCH(G24,Ev_c_LOK,0)),"") | K24: =CONCATENATE(AG24,AH24) | M24: =IF(ISNUMBER($AA$24),INDEX(Jmeno,$AA$24),"") | N24: =IF(ISNUMBER($AA$24),INDEX(RokNar,$AA$24),"") | O24: =IF(ISNUMBER($AA$24),INDEX(Ev_c_LOK,$AA$24),"") | P24: =IF(ISNUMBER($AA$24),INDEX(NazevOddil,$AA$24),"") | Q24: poznámky | AA24: =MATCH(TRUE,INDEX(vyMaska,$AA23+1):evyMaska,0)+$AA23 -> #VALUE! | AB24: =IF(ISNUMBER($AA24),INDEX(RegPopl,$AA24),"") | AC24: =IF(ISNUMBER($AA24),INDEX(Kraj,$AA24),"") | AD24: =IF(ISNUMBER($AA24),INDEX(KodOddilu,$AA24),"") | AE24: =IF(ISNUMBER($AA24),INDEX(NazevOddil,$AA24),"") | AF24: =IF(ISNUMBER($AA$24),INDEX(Ev_c_LOK,$AA$24),"") | AG24: =IF(AND(E24="",G24=""),"",IF(ISNUMBER(MATCH(G24,Ev_c_LOK,0)),IF(AND(E24=INDEX(Jmeno,MATCH(G24,Ev_c_LOK,0)),F24=INDEX(RokNar,MATCH(G24,Ev_c_LOK,0))),IF(INDEX(NazevOddil,MATCH(G24,Ev_c_LOK,0))<>$H$47,IF(INDEX(RegPopl,MATCH(G24,Ev_c_LOK,0))=0,CONCATENATE("je členem ",INDEX(NazevOddil,MATCH(G24,Ev_c_LOK,0))," a je neaktivní"),CONCATENATE("je členem ",INDEX(NazevOddil,MATCH(G24,Ev_c_LOK,0)))),IF(INDEX(RegPopl,MATCH(G24,Ev_c_LOK,0))>0,"","je neaktivní")),"jméno nebo/a rok narození neodpovídá Ev.č. LOK"),"není registrován v ŠSČR")) | AH24: =IF(OR(COUNTIF($G$9:$G$28,$G24)>1,AND($I24<>"",COUNTIF($I$9:$I$28,$I24)>1))," - duplicita ID"," ") | AI24: =AND($P$44<>"",ISNUMBER(SEARCH(MID($P$44,1,2),číselníky!H24))) -> TRUE | AJ24: =MATCH(TRUE,INDEX(ikluby,$AJ23+1):enikluby,0)+$AJ23 -> 23 | AK24: =IF(ISNUMBER(AJ24),INDEX(Oddil,AJ24),"") -> 11054 Šachový spolek Újezd nad Lesy | AL24: =IF(OR(E24="",K24="není registrován v ŠSČR "),"",IF(INDEX(FED,MATCH(G24,Ev_c_LOK,0))<>"CZE","C",IF(CONCATENATE(INDEX(Kraj,MATCH(G24,Ev_c_LOK,0)),INDEX(KodOddilu,MATCH(G24,Ev_c_LOK,0)))<>$H$45,"H",""))) | AM24: =COUNTIF(B$9:B24,"V")+COUNTIF(B$9:B24,"H")+COUNTIF(B$9:B24,"C") -> 0 | AN24: =IF(AND(AM24>3,OR(B24="V",B24="H",B24="C")),"","Z") -> Z | AO24: =COUNTIF(AN$9:AN24,"Z") -> 16 | AP24: =IF(AND(E24<>"",AO24<9,AN24="Z"),"Z","") | AQ24: =IF(AND(B24="",C24=""),"",IF(AND(B24<>"",C24=""),B24,IF(AND(B24<>"",C24<>""),CONCATENATE(B24,",",C24),IF(AND(B24="",C24<>""),CONCATENATE(" -,",C24)))))
A25: 17 | B25: =AL25 | C25: =AP25 | D25: =AQ25 | E25: =IF(G25="","",IF(ISNUMBER(MATCH(G25,Ev_c_LOK,0)),INDEX(Jmeno,MATCH(G25,Ev_c_LOK,0)),"")) | F25: =IF(G25="","",IF(ISNUMBER(MATCH(G25,Ev_c_LOK,0)),INDEX(RokNar,MATCH(G25,Ev_c_LOK,0)),"")) | H25: =IF(ISNUMBER(INDEX(ELOCR,MATCH(G25,Ev_c_LOK,0))),INDEX(ELOCR,MATCH(G25,Ev_c_LOK,0)),"") | I25: =IF(ISNUMBER(INDEX(FEvCis,MATCH(G25,Ev_c_LOK,0))),INDEX(FEvCis,MATCH(G25,Ev_c_LOK,0)),"") | J25: =IF(ISNUMBER(INDEX(ELOFIDE,MATCH(G25,Ev_c_LOK,0))),INDEX(ELOFIDE,MATCH(G25,Ev_c_LOK,0)),"") | K25: =CONCATENATE(AG25,AH25) | M25: =IF(ISNUMBER($AA$25),INDEX(Jmeno,$AA$25),"") | N25: =IF(ISNUMBER($AA$25),INDEX(RokNar,$AA$25),"") | O25: =IF(ISNUMBER($AA$25),INDEX(Ev_c_LOK,$AA$25),"") | P25: =IF(ISNUMBER($AA$25),INDEX(NazevOddil,$AA$25),"") | AA25: =MATCH(TRUE,INDEX(vyMaska,$AA24+1):evyMaska,0)+$AA24 -> #VALUE! | AB25: =IF(ISNUMBER($AA25),INDEX(RegPopl,$AA25),"") | AC25: =IF(ISNUMBER($AA25),INDEX(Kraj,$AA25),"") | AD25: =IF(ISNUMBER($AA25),INDEX(KodOddilu,$AA25),"") | AE25: =IF(ISNUMBER($AA25),INDEX(NazevOddil,$AA25),"") | AF25: =IF(ISNUMBER($AA$25),INDEX(Ev_c_LOK,$AA$25),"") | AG25: =IF(AND(E25="",G25=""),"",IF(ISNUMBER(MATCH(G25,Ev_c_LOK,0)),IF(AND(E25=INDEX(Jmeno,MATCH(G25,Ev_c_LOK,0)),F25=INDEX(RokNar,MATCH(G25,Ev_c_LOK,0))),IF(INDEX(NazevOddil,MATCH(G25,Ev_c_LOK,0))<>$H$47,IF(INDEX(RegPopl,MATCH(G25,Ev_c_LOK,0))=0,CONCATENATE("je členem ",INDEX(NazevOddil,MATCH(G25,Ev_c_LOK,0))," a je neaktivní"),CONCATENATE("je členem ",INDEX(NazevOddil,MATCH(G25,Ev_c_LOK,0)))),IF(INDEX(RegPopl,MATCH(G25,Ev_c_LOK,0))>0,"","je neaktivní")),"jméno nebo/a rok narození neodpovídá Ev.č. LOK"),"není registrován v ŠSČR")) | AH25: =IF(OR(COUNTIF($G$9:$G$28,$G25)>1,AND($I25<>"",COUNTIF($I$9:$I$28,$I25)>1))," - duplicita ID"," ") | AI25: =AND($P$44<>"",ISNUMBER(SEARCH(MID($P$44,1,2),číselníky!H25))) -> TRUE | AJ25: =MATCH(TRUE,INDEX(ikluby,$AJ24+1):enikluby,0)+$AJ24 -> 24 | AK25: =IF(ISNUMBER(AJ25),INDEX(Oddil,AJ25),"") -> 11055 Šachový oddíl TJ DUKLA Praha | AL25: =IF(OR(E25="",K25="není registrován v ŠSČR "),"",IF(INDEX(FED,MATCH(G25,Ev_c_LOK,0))<>"CZE","C",IF(CONCATENATE(INDEX(Kraj,MATCH(G25,Ev_c_LOK,0)),INDEX(KodOddilu,MATCH(G25,Ev_c_LOK,0)))<>$H$45,"H",""))) | AM25: =COUNTIF(B$9:B25,"V")+COUNTIF(B$9:B25,"H")+COUNTIF(B$9:B25,"C") -> 0 | AN25: =IF(AND(AM25>3,OR(B25="V",B25="H",B25="C")),"","Z") -> Z | AO25: =COUNTIF(AN$9:AN25,"Z") -> 17 | AP25: =IF(AND(E25<>"",AO25<9,AN25="Z"),"Z","") | AQ25: =IF(AND(B25="",C25=""),"",IF(AND(B25<>"",C25=""),B25,IF(AND(B25<>"",C25<>""),CONCATENATE(B25,",",C25),IF(AND(B25="",C25<>""),CONCATENATE(" -,",C25)))))
A26: 18 | B26: =AL26 | C26: =AP26 | D26: =AQ26 | E26: =IF(G26="","",IF(ISNUMBER(MATCH(G26,Ev_c_LOK,0)),INDEX(Jmeno,MATCH(G26,Ev_c_LOK,0)),"")) | F26: =IF(G26="","",IF(ISNUMBER(MATCH(G26,Ev_c_LOK,0)),INDEX(RokNar,MATCH(G26,Ev_c_LOK,0)),"")) | H26: =IF(ISNUMBER(INDEX(ELOCR,MATCH(G26,Ev_c_LOK,0))),INDEX(ELOCR,MATCH(G26,Ev_c_LOK,0)),"") | I26: =IF(ISNUMBER(INDEX(FEvCis,MATCH(G26,Ev_c_LOK,0))),INDEX(FEvCis,MATCH(G26,Ev_c_LOK,0)),"") | J26: =IF(ISNUMBER(INDEX(ELOFIDE,MATCH(G26,Ev_c_LOK,0))),INDEX(ELOFIDE,MATCH(G26,Ev_c_LOK,0)),"") | K26: =CONCATENATE(AG26,AH26) | M26: =IF(ISNUMBER($AA$26),INDEX(Jmeno,$AA$26),"") | N26: =IF(ISNUMBER($AA$26),INDEX(RokNar,$AA$26),"") | O26: =IF(ISNUMBER($AA$26),INDEX(Ev_c_LOK,$AA$26),"") | P26: =IF(ISNUMBER($AA$26),INDEX(NazevOddil,$AA$26),"") | AA26: =MATCH(TRUE,INDEX(vyMaska,$AA25+1):evyMaska,0)+$AA25 -> #VALUE! | AB26: =IF(ISNUMBER($AA26),INDEX(RegPopl,$AA26),"") | AC26: =IF(ISNUMBER($AA26),INDEX(Kraj,$AA26),"") | AD26: =IF(ISNUMBER($AA26),INDEX(KodOddilu,$AA26),"") | AE26: =IF(ISNUMBER($AA26),INDEX(NazevOddil,$AA26),"") | AF26: =IF(ISNUMBER($AA$26),INDEX(Ev_c_LOK,$AA$26),"") | AG26: =IF(AND(E26="",G26=""),"",IF(ISNUMBER(MATCH(G26,Ev_c_LOK,0)),IF(AND(E26=INDEX(Jmeno,MATCH(G26,Ev_c_LOK,0)),F26=INDEX(RokNar,MATCH(G26,Ev_c_LOK,0))),IF(INDEX(NazevOddil,MATCH(G26,Ev_c_LOK,0))<>$H$47,IF(INDEX(RegPopl,MATCH(G26,Ev_c_LOK,0))=0,CONCATENATE("je členem ",INDEX(NazevOddil,MATCH(G26,Ev_c_LOK,0))," a je neaktivní"),CONCATENATE("je členem ",INDEX(NazevOddil,MATCH(G26,Ev_c_LOK,0)))),IF(INDEX(RegPopl,MATCH(G26,Ev_c_LOK,0))>0,"","je neaktivní")),"jméno nebo/a rok narození neodpovídá Ev.č. LOK"),"není registrován v ŠSČR")) | AH26: =IF(OR(COUNTIF($G$9:$G$28,$G26)>1,AND($I26<>"",COUNTIF($I$9:$I$28,$I26)>1))," - duplicita ID"," ") | AI26: =AND($P$44<>"",ISNUMBER(SEARCH(MID($P$44,1,2),číselníky!H26))) -> TRUE | AJ26: =MATCH(TRUE,INDEX(ikluby,$AJ25+1):enikluby,0)+$AJ25 -> 25 | AK26: =IF(ISNUMBER(AJ26),INDEX(Oddil,AJ26),"") -> 11058 ŠK Mlejn | AL26: =IF(OR(E26="",K26="není registrován v ŠSČR "),"",IF(INDEX(FED,MATCH(G26,Ev_c_LOK,0))<>"CZE","C",IF(CONCATENATE(INDEX(Kraj,MATCH(G26,Ev_c_LOK,0)),INDEX(KodOddilu,MATCH(G26,Ev_c_LOK,0)))<>$H$45,"H",""))) | AM26: =COUNTIF(B$9:B26,"V")+COUNTIF(B$9:B26,"H")+COUNTIF(B$9:B26,"C") -> 0 | AN26: =IF(AND(AM26>3,OR(B26="V",B26="H",B26="C")),"","Z") -> Z | AO26: =COUNTIF(AN$9:AN26,"Z") -> 18 | AP26: =IF(AND(E26<>"",AO26<9,AN26="Z"),"Z","") | AQ26: =IF(AND(B26="",C26=""),"",IF(AND(B26<>"",C26=""),B26,IF(AND(B26<>"",C26<>""),CONCATENATE(B26,",",C26),IF(AND(B26="",C26<>""),CONCATENATE(" -,",C26)))))
A27: 19 | B27: =AL27 | C27: =AP27 | D27: =AQ27 | E27: =IF(G27="","",IF(ISNUMBER(MATCH(G27,Ev_c_LOK,0)),INDEX(Jmeno,MATCH(G27,Ev_c_LOK,0)),"")) | F27: =IF(G27="","",IF(ISNUMBER(MATCH(G27,Ev_c_LOK,0)),INDEX(RokNar,MATCH(G27,Ev_c_LOK,0)),"")) | H27: =IF(ISNUMBER(INDEX(ELOCR,MATCH(G27,Ev_c_LOK,0))),INDEX(ELOCR,MATCH(G27,Ev_c_LOK,0)),"") | I27: =IF(ISNUMBER(INDEX(FEvCis,MATCH(G27,Ev_c_LOK,0))),INDEX(FEvCis,MATCH(G27,Ev_c_LOK,0)),"") | J27: =IF(ISNUMBER(INDEX(ELOFIDE,MATCH(G27,Ev_c_LOK,0))),INDEX(ELOFIDE,MATCH(G27,Ev_c_LOK,0)),"") | K27: =CONCATENATE(AG27,AH27) | M27: =IF(ISNUMBER($AA$27),INDEX(Jmeno,$AA$27),"") | N27: =IF(ISNUMBER($AA$27),INDEX(RokNar,$AA$27),"") | O27: =IF(ISNUMBER($AA$27),INDEX(Ev_c_LOK,$AA$27),"") | P27: =IF(ISNUMBER($AA$27),INDEX(NazevOddil,$AA$27),"") | AA27: =MATCH(TRUE,INDEX(vyMaska,$AA26+1):evyMaska,0)+$AA26 -> #VALUE! | AB27: =IF(ISNUMBER($AA27),INDEX(RegPopl,$AA27),"") | AC27: =IF(ISNUMBER($AA27),INDEX(Kraj,$AA27),"") | AD27: =IF(ISNUMBER($AA27),INDEX(KodOddilu,$AA27),"") | AE27: =IF(ISNUMBER($AA27),INDEX(NazevOddil,$AA27),"") | AF27: =IF(ISNUMBER($AA$27),INDEX(Ev_c_LOK,$AA$27),"") | AG27: =IF(AND(E27="",G27=""),"",IF(ISNUMBER(MATCH(G27,Ev_c_LOK,0)),IF(AND(E27=INDEX(Jmeno,MATCH(G27,Ev_c_LOK,0)),F27=INDEX(RokNar,MATCH(G27,Ev_c_LOK,0))),IF(INDEX(NazevOddil,MATCH(G27,Ev_c_LOK,0))<>$H$47,IF(INDEX(RegPopl,MATCH(G27,Ev_c_LOK,0))=0,CONCATENATE("je členem ",INDEX(NazevOddil,MATCH(G27,Ev_c_LOK,0))," a je neaktivní"),CONCATENATE("je členem ",INDEX(NazevOddil,MATCH(G27,Ev_c_LOK,0)))),IF(INDEX(RegPopl,MATCH(G27,Ev_c_LOK,0))>0,"","je neaktivní")),"jméno nebo/a rok narození neodpovídá Ev.č. LOK"),"není registrován v ŠSČR")) | AH27: =IF(OR(COUNTIF($G$9:$G$28,$G27)>1,AND($I27<>"",COUNTIF($I$9:$I$28,$I27)>1))," - duplicita ID"," ") | AI27: =AND($P$44<>"",ISNUMBER(SEARCH(MID($P$44,1,2),číselníky!H27))) -> TRUE | AJ27: =MATCH(TRUE,INDEX(ikluby,$AJ26+1):enikluby,0)+$AJ26 -> 26 | AK27: =IF(ISNUMBER(AJ27),INDEX(Oddil,AJ27),"") -> 11059 ŠK Aurora | AL27: =IF(OR(E27="",K27="není registrován v ŠSČR "),"",IF(INDEX(FED,MATCH(G27,Ev_c_LOK,0))<>"CZE","C",IF(CONCATENATE(INDEX(Kraj,MATCH(G27,Ev_c_LOK,0)),INDEX(KodOddilu,MATCH(G27,Ev_c_LOK,0)))<>$H$45,"H",""))) | AM27: =COUNTIF(B$9:B27,"V")+COUNTIF(B$9:B27,"H")+COUNTIF(B$9:B27,"C") -> 0 | AN27: =IF(AND(AM27>3,OR(B27="V",B27="H",B27="C")),"","Z") -> Z | AO27: =COUNTIF(AN$9:AN27,"Z") -> 19 | AP27: =IF(AND(E27<>"",AO27<9,AN27="Z"),"Z","") | AQ27: =IF(AND(B27="",C27=""),"",IF(AND(B27<>"",C27=""),B27,IF(AND(B27<>"",C27<>""),CONCATENATE(B27,",",C27),IF(AND(B27="",C27<>""),CONCATENATE(" -,",C27)))))
A28: 20 | B28: =AL28 | C28: =AP28 | D28: =AQ28 | E28: =IF(G28="","",IF(ISNUMBER(MATCH(G28,Ev_c_LOK,0)),INDEX(Jmeno,MATCH(G28,Ev_c_LOK,0)),"")) | F28: =IF(G28="","",IF(ISNUMBER(MATCH(G28,Ev_c_LOK,0)),INDEX(RokNar,MATCH(G28,Ev_c_LOK,0)),"")) | H28: =IF(ISNUMBER(INDEX(ELOCR,MATCH(G28,Ev_c_LOK,0))),INDEX(ELOCR,MATCH(G28,Ev_c_LOK,0)),"") | I28: =IF(ISNUMBER(INDEX(FEvCis,MATCH(G28,Ev_c_LOK,0))),INDEX(FEvCis,MATCH(G28,Ev_c_LOK,0)),"") | J28: =IF(ISNUMBER(INDEX(ELOFIDE,MATCH(G28,Ev_c_LOK,0))),INDEX(ELOFIDE,MATCH(G28,Ev_c_LOK,0)),"") | K28: =CONCATENATE(AG28,AH28) | M28: =IF(ISNUMBER($AA$28),INDEX(Jmeno,$AA$28),"") | N28: =IF(ISNUMBER($AA$28),INDEX(RokNar,$AA$28),"") | O28: =IF(ISNUMBER($AA$28),INDEX(Ev_c_LOK,$AA$28),"") | P28: =IF(ISNUMBER($AA$28),INDEX(NazevOddil,$AA$28),"") | AA28: =MATCH(TRUE,INDEX(vyMaska,$AA27+1):evyMaska,0)+$AA27 -> #VALUE! | AB28: =IF(ISNUMBER($AA28),INDEX(RegPopl,$AA28),"") | AC28: =IF(ISNUMBER($AA28),INDEX(Kraj,$AA28),"") | AD28: =IF(ISNUMBER($AA28),INDEX(KodOddilu,$AA28),"") | AE28: =IF(ISNUMBER($AA28),INDEX(NazevOddil,$AA28),"") | AF28: =IF(ISNUMBER($AA$28),INDEX(Ev_c_LOK,$AA$28),"") | AG28: =IF(AND(E28="",G28=""),"",IF(ISNUMBER(MATCH(G28,Ev_c_LOK,0)),IF(AND(E28=INDEX(Jmeno,MATCH(G28,Ev_c_LOK,0)),F28=INDEX(RokNar,MATCH(G28,Ev_c_LOK,0))),IF(INDEX(NazevOddil,MATCH(G28,Ev_c_LOK,0))<>$H$47,IF(INDEX(RegPopl,MATCH(G28,Ev_c_LOK,0))=0,CONCATENATE("je členem ",INDEX(NazevOddil,MATCH(G28,Ev_c_LOK,0))," a je neaktivní"),CONCATENATE("je členem ",INDEX(NazevOddil,MATCH(G28,Ev_c_LOK,0)))),IF(INDEX(RegPopl,MATCH(G28,Ev_c_LOK,0))>0,"","je neaktivní")),"jméno nebo/a rok narození neodpovídá Ev.č. LOK"),"není registrován v ŠSČR")) | AH28: =IF(OR(COUNTIF($G$9:$G$28,$G28)>1,AND($I28<>"",COUNTIF($I$9:$I$28,$I28)>1))," - duplicita ID"," ") | AI28: =AND($P$44<>"",ISNUMBER(SEARCH(MID($P$44,1,2),číselníky!H28))) -> TRUE | AJ28: =MATCH(TRUE,INDEX(ikluby,$AJ27+1):enikluby,0)+$AJ27 -> 27 | AK28: =IF(ISNUMBER(AJ28),INDEX(Oddil,AJ28),"") -> 11060 Steinitz - Makabi Praha | AL28: =IF(OR(E28="",K28="není registrován v ŠSČR "),"",IF(INDEX(FED,MATCH(G28,Ev_c_LOK,0))<>"CZE","C",IF(CONCATENATE(INDEX(Kraj,MATCH(G28,Ev_c_LOK,0)),INDEX(KodOddilu,MATCH(G28,Ev_c_LOK,0)))<>$H$45,"H",""))) | AM28: =COUNTIF(B$9:B28,"V")+COUNTIF(B$9:B28,"H")+COUNTIF(B$9:B28,"C") -> 0 | AN28: =IF(AND(AM28>3,OR(B28="V",B28="H",B28="C")),"","Z") -> Z | AO28: =COUNTIF(AN$9:AN28,"Z") -> 20 | AP28: =IF(AND(E28<>"",AO28<9,AN28="Z"),"Z","") | AQ28: =IF(AND(B28="",C28=""),"",IF(AND(B28<>"",C28=""),B28,IF(AND(B28<>"",C28<>""),CONCATENATE(B28,",",C28),IF(AND(B28="",C28<>""),CONCATENATE(" -,",C28)))))
M29: =IF(ISNUMBER($AA$29),INDEX(Jmeno,$AA$29),"") | N29: =IF(ISNUMBER($AA$29),INDEX(RokNar,$AA$29),"") | O29: =IF(ISNUMBER($AA$29),INDEX(Ev_c_LOK,$AA$29),"") | P29: =IF(ISNUMBER($AA$28),INDEX(NazevOddil,$AA$28),"") | AA29: =MATCH(TRUE,INDEX(vyMaska,$AA28+1):evyMaska,0)+$AA28 -> #VALUE! | AB29: =IF(ISNUMBER($AA29),INDEX(RegPopl,$AA29),"") | AC29: =IF(ISNUMBER($AA29),INDEX(Kraj,$AA29),"") | AD29: =IF(ISNUMBER($AA29),INDEX(KodOddilu,$AA29),"") | AE29: =IF(ISNUMBER($AA29),INDEX(NazevOddil,$AA29),"") | AF29: =IF(ISNUMBER($AA$29),INDEX(Ev_c_LOK,$AA$29),"") | AI29: =AND($P$44<>"",ISNUMBER(SEARCH(MID($P$44,1,2),číselníky!H29))) -> TRUE | AJ29: =MATCH(TRUE,INDEX(ikluby,$AJ28+1):enikluby,0)+$AJ28 -> 28 | AK29: =IF(ISNUMBER(AJ29),INDEX(Oddil,AJ29),"") -> 11061 Sokol Nebušice
F30: hrací den | H30: čas | M30: =IF(ISNUMBER($AA$30),INDEX(Jmeno,$AA$30),"") | N30: =IF(ISNUMBER($AA$30),INDEX(RokNar,$AA$30),"") | O30: =IF(ISNUMBER($AA$30),INDEX(Ev_c_LOK,$AA$30),"") | P30: =IF(ISNUMBER($AA$30),INDEX(NazevOddil,$AA$30),"") | AA30: =MATCH(TRUE,INDEX(vyMaska,$AA29+1):evyMaska,0)+$AA29 -> #VALUE! | AB30: =IF(ISNUMBER($AA30),INDEX(RegPopl,$AA30),"") | AC30: =IF(ISNUMBER($AA30),INDEX(Kraj,$AA30),"") | AD30: =IF(ISNUMBER($AA30),INDEX(KodOddilu,$AA30),"") | AE30: =IF(ISNUMBER($AA30),INDEX(NazevOddil,$AA30),"") | AF30: =IF(ISNUMBER($AA$30),INDEX(Ev_c_LOK,$AA$30),"") | AI30: =AND($P$44<>"",ISNUMBER(SEARCH(MID($P$44,1,2),číselníky!H30))) -> TRUE | AJ30: =MATCH(TRUE,INDEX(ikluby,$AJ29+1):enikluby,0)+$AJ29 -> 29 | AK30: =IF(ISNUMBER(AJ30),INDEX(Oddil,AJ30),"") -> 11062 Kbelská sportovní
A31: hrací den a čas začátku utkání: | AA31: =MATCH(TRUE,INDEX(vyMaska,$AA30+1):evyMaska,0)+$AA30 -> #VALUE! | AB31: =IF(ISNUMBER($AA31),INDEX(RegPopl,$AA31),"") | AC31: =IF(ISNUMBER($AA31),INDEX(Kraj,$AA31),"") | AD31: =IF(ISNUMBER($AA31),INDEX(KodOddilu,$AA31),"") | AE31: =IF(ISNUMBER($AA31),INDEX(NazevOddil,$AA31),"") | AI31: =AND($P$44<>"",ISNUMBER(SEARCH(MID($P$44,1,2),číselníky!H31))) -> TRUE | AJ31: =MATCH(TRUE,INDEX(ikluby,$AJ30+1):enikluby,0)+$AJ30 -> 30 | AK31: =IF(ISNUMBER(AJ31),INDEX(Oddil,AJ31),"") -> 11063 Šachový klub Praha 4
AI32: =AND($P$44<>"",ISNUMBER(SEARCH(MID($P$44,1,2),číselníky!H32))) -> TRUE | AJ32: =MATCH(TRUE,INDEX(ikluby,$AJ31+1):enikluby,0)+$AJ31 -> 31 | AK32: =IF(ISNUMBER(AJ32),INDEX(Oddil,AJ32),"") -> 11066 Šachy Štěpán
A33: adresa hrací místnosti: | AI33: =AND($P$44<>"",ISNUMBER(SEARCH(MID($P$44,1,2),číselníky!H33))) -> TRUE | AJ33: =MATCH(TRUE,INDEX(ikluby,$AJ32+1):enikluby,0)+$AJ32 -> 32 | AK33: =IF(ISNUMBER(AJ33),INDEX(Oddil,AJ33),"") -> 11067 ŠK Molekula
AI34: =AND($P$44<>"",ISNUMBER(SEARCH(MID($P$44,1,2),číselníky!H34))) -> TRUE | AJ34: =MATCH(TRUE,INDEX(ikluby,$AJ33+1):enikluby,0)+$AJ33 -> 33 | AK34: =IF(ISNUMBER(AJ34),INDEX(Oddil,AJ34),"") -> 11068 Šachový klub Na Smetance, z.s.
AI35: =AND($P$44<>"",ISNUMBER(SEARCH(MID($P$44,1,2),číselníky!H35))) -> TRUE | AJ35: =MATCH(TRUE,INDEX(ikluby,$AJ34+1):enikluby,0)+$AJ34 -> 34 | AK35: =IF(ISNUMBER(AJ35),INDEX(Oddil,AJ35),"") -> 11069 Chess Queen
A36: dopravní spojení: | AI36: =AND($P$44<>"",ISNUMBER(SEARCH(MID($P$44,1,2),číselníky!H36))) -> TRUE | AJ36: =MATCH(TRUE,INDEX(ikluby,$AJ35+1):enikluby,0)+$AJ35 -> 35 | AK36: =IF(ISNUMBER(AJ36),INDEX(Oddil,AJ36),"") -> 11070 ŠK GEMINI PRAHA z.s.
AI37: =AND($P$44<>"",ISNUMBER(SEARCH(MID($P$44,1,2),číselníky!H37))) -> TRUE | AJ37: =MATCH(TRUE,INDEX(ikluby,$AJ36+1):enikluby,0)+$AJ36 -> 36 | AK37: =IF(ISNUMBER(AJ37),INDEX(Oddil,AJ37),"") -> 11071 CZECH INN CHESS
AI38: =AND($P$44<>"",ISNUMBER(SEARCH(MID($P$44,1,2),číselníky!H38))) -> TRUE | AJ38: =MATCH(TRUE,INDEX(ikluby,$AJ37+1):enikluby,0)+$AJ37 -> 37 | AK38: =IF(ISNUMBER(AJ38),INDEX(Oddil,AJ38),"") -> 11072 Ztracení Chlapci
A39: kapitán (jméno,adresa,e-mail,telefon): | AI39: =AND($P$44<>"",ISNUMBER(SEARCH(MID($P$44,1,2),číselníky!H39))) -> TRUE | AJ39: =MATCH(TRUE,INDEX(ikluby,$AJ38+1):enikluby,0)+$AJ38 -> 38 | AK39: =IF(ISNUMBER(AJ39),INDEX(Oddil,AJ39),"") -> 11073 ŠK AuHa Gladiators
AI40: =AND($P$44<>"",ISNUMBER(SEARCH(MID($P$44,1,2),číselníky!H40))) -> TRUE | AJ40: =MATCH(TRUE,INDEX(ikluby,$AJ39+1):enikluby,0)+$AJ39 -> 39 | AK40: =IF(ISNUMBER(AJ40),INDEX(Oddil,AJ40),"") -> 11075 ŠK Zličín z.s.
AI41: =AND($P$44<>"",ISNUMBER(SEARCH(MID($P$44,1,2),číselníky!H41))) -> TRUE | AJ41: =MATCH(TRUE,INDEX(ikluby,$AJ40+1):enikluby,0)+$AJ40 -> 40 | AK41: =IF(ISNUMBER(AJ41),INDEX(Oddil,AJ41),"") -> 11076 ŠK Monte Berani
A42: zástupce kapitána (jméno,adresa,e-mail,telefon): | AI42: =AND($P$44<>"",ISNUMBER(SEARCH(MID($P$44,1,2),číselníky!H42))) -> TRUE | AJ42: =MATCH(TRUE,INDEX(ikluby,$AJ41+1):enikluby,0)+$AJ41 -> 41 | AK42: =IF(ISNUMBER(AJ42),INDEX(Oddil,AJ42),"") -> 11700 Individuální člen PŠS
AI43: =AND($P$44<>"",ISNUMBER(SEARCH(MID($P$44,1,2),číselníky!H43))) -> FALSE | AJ43: =MATCH(TRUE,INDEX(ikluby,$AJ42+1):enikluby,0)+$AJ42 -> #N/A | AK43: =IF(ISNUMBER(AJ43),INDEX(Oddil,AJ43),"")
H44: vyber ze seznamu oddílů -> | K44: seznam oddílů zde | N44: vyber kraj -> | P44: 11 Pražský šachový svaz | AI44: =AND($P$44<>"",ISNUMBER(SEARCH(MID($P$44,1,2),číselníky!H44))) -> FALSE | AJ44: =MATCH(TRUE,INDEX(ikluby,$AJ43+1):enikluby,0)+$AJ43 -> #N/A | AK44: =IF(ISNUMBER(AJ44),INDEX(Oddil,AJ44),"")
A45: kód oddílu, jehož je toto družstvo reprezentantem: | H45: =IF(OR(K44="seznam oddílů zde"),"",MID(K44,1,5)) | AI45: =AND($P$44<>"",ISNUMBER(SEARCH(MID($P$44,1,2),číselníky!H45))) -> FALSE | AJ45: =MATCH(TRUE,INDEX(ikluby,$AJ44+1):enikluby,0)+$AJ44 -> #N/A | AK45: =IF(ISNUMBER(AJ45),INDEX(Oddil,AJ45),"")
AI46: =AND($P$44<>"",ISNUMBER(SEARCH(MID($P$44,1,2),číselníky!H46))) -> FALSE | AJ46: =MATCH(TRUE,INDEX(ikluby,$AJ45+1):enikluby,0)+$AJ45 -> #N/A | AK46: =IF(ISNUMBER(AJ46),INDEX(Oddil,AJ46),"")
A47: název oddílu, jehož je toto družstvo reprezentantem: | H47: =IF(OR(K44="seznam oddílů zde"),"",MID(K44,7,LEN(K44)-6)) | AI47: =AND($P$44<>"",ISNUMBER(SEARCH(MID($P$44,1,2),číselníky!H47))) -> FALSE | AJ47: =MATCH(TRUE,INDEX(ikluby,$AJ46+1):enikluby,0)+$AJ46 -> #N/A | AK47: =IF(ISNUMBER(AJ47),INDEX(Oddil,AJ47),"")
AI48: =AND($P$44<>"",ISNUMBER(SEARCH(MID($P$44,1,2),číselníky!H48))) -> FALSE | AJ48: =MATCH(TRUE,INDEX(ikluby,$AJ47+1):enikluby,0)+$AJ47 -> #N/A | AK48: =IF(ISNUMBER(AJ48),INDEX(Oddil,AJ48),"")
AI49: =AND($P$44<>"",ISNUMBER(SEARCH(MID($P$44,1,2),číselníky!H49))) -> FALSE | AJ49: =MATCH(TRUE,INDEX(ikluby,$AJ48+1):enikluby,0)+$AJ48 -> #N/A | AK49: =IF(ISNUMBER(AJ49),INDEX(Oddil,AJ49),"")
D50: poznámky | AI50: =AND($P$44<>"",ISNUMBER(SEARCH(MID($P$44,1,2),číselníky!H50))) -> FALSE | AJ50: =MATCH(TRUE,INDEX(ikluby,$AJ49+1):enikluby,0)+$AJ49 -> #N/A | AK50: =IF(ISNUMBER(AJ50),INDEX(Oddil,AJ50),"")
AI51: =AND($P$44<>"",ISNUMBER(SEARCH(MID($P$44,1,2),číselníky!H51))) -> FALSE | AJ51: =MATCH(TRUE,INDEX(ikluby,$AJ50+1):enikluby,0)+$AJ50 -> #N/A | AK51: =IF(ISNUMBER(AJ51),INDEX(Oddil,AJ51),"")
AI52: =AND($P$44<>"",ISNUMBER(SEARCH(MID($P$44,1,2),číselníky!H52))) -> FALSE | AJ52: =MATCH(TRUE,INDEX(ikluby,$AJ51+1):enikluby,0)+$AJ51 -> #N/A | AK52: =IF(ISNUMBER(AJ52),INDEX(Oddil,AJ52),"")
AI53: =AND($P$44<>"",ISNUMBER(SEARCH(MID($P$44,1,2),číselníky!H53))) -> FALSE | AJ53: =MATCH(TRUE,INDEX(ikluby,$AJ52+1):enikluby,0)+$AJ52 -> #N/A | AK53: =IF(ISNUMBER(AJ53),INDEX(Oddil,AJ53),"")
AI54: =AND($P$44<>"",ISNUMBER(SEARCH(MID($P$44,1,2),číselníky!H54))) -> FALSE | AJ54: =MATCH(TRUE,INDEX(ikluby,$AJ53+1):enikluby,0)+$AJ53 -> #N/A | AK54: =IF(ISNUMBER(AJ54),INDEX(Oddil,AJ54),"")
AI55: =AND($P$44<>"",ISNUMBER(SEARCH(MID($P$44,1,2),číselníky!H55))) -> FALSE | AJ55: =MATCH(TRUE,INDEX(ikluby,$AJ54+1):enikluby,0)+$AJ54 -> #N/A | AK55: =IF(ISNUMBER(AJ55),INDEX(Oddil,AJ55),"")
AI56: =AND($P$44<>"",ISNUMBER(SEARCH(MID($P$44,1,2),číselníky!H56))) -> FALSE | AJ56: =MATCH(TRUE,INDEX(ikluby,$AJ55+1):enikluby,0)+$AJ55 -> #N/A | AK56: =IF(ISNUMBER(AJ56),INDEX(Oddil,AJ56),"")
AI57: =AND($P$44<>"",ISNUMBER(SEARCH(MID($P$44,1,2),číselníky!H57))) -> FALSE | AJ57: =MATCH(TRUE,INDEX(ikluby,$AJ56+1):enikluby,0)+$AJ56 -> #N/A | AK57: =IF(ISNUMBER(AJ57),INDEX(Oddil,AJ57),"")
AI58: =AND($P$44<>"",ISNUMBER(SEARCH(MID($P$44,1,2),číselníky!H58))) -> FALSE | AJ58: =MATCH(TRUE,INDEX(ikluby,$AJ57+1):enikluby,0)+$AJ57 -> #N/A | AK58: =IF(ISNUMBER(AJ58),INDEX(Oddil,AJ58),"")
AI59: =AND($P$44<>"",ISNUMBER(SEARCH(MID($P$44,1,2),číselníky!H59))) -> FALSE | AJ59: =MATCH(TRUE,INDEX(ikluby,$AJ58+1):enikluby,0)+$AJ58 -> #N/A | AK59: =IF(ISNUMBER(AJ59),INDEX(Oddil,AJ59),"")
AI60: =AND($P$44<>"",ISNUMBER(SEARCH(MID($P$44,1,2),číselníky!H60))) -> FALSE | AJ60: =MATCH(TRUE,INDEX(ikluby,$AJ59+1):enikluby,0)+$AJ59 -> #N/A | AK60: =IF(ISNUMBER(AJ60),INDEX(Oddil,AJ60),"")
AI61: =AND($P$44<>"",ISNUMBER(SEARCH(MID($P$44,1,2),číselníky!H61))) -> FALSE | AJ61: =MATCH(TRUE,INDEX(ikluby,$AJ60+1):enikluby,0)+$AJ60 -> #N/A | AK61: =IF(ISNUMBER(AJ61),INDEX(Oddil,AJ61),"")
AI62: =AND($P$44<>"",ISNUMBER(SEARCH(MID($P$44,1,2),číselníky!H62))) -> FALSE | AJ62: =MATCH(TRUE,INDEX(ikluby,$AJ61+1):enikluby,0)+$AJ61 -> #N/A | AK62: =IF(ISNUMBER(AJ62),INDEX(Oddil,AJ62),"")
... AI642: =AND($P$44<>"",ISNUMBER(SEARCH(MID($P$44,1,2),číselníky!H642))) -> FALSE | AJ642: =MATCH(TRUE,INDEX(ikluby,$AJ641+1):enikluby,0)+$AJ641 -> #N/A | AK642: =IF(ISNUMBER(AJ642),INDEX(Oddil,AJ642),"")
AI643: =AND($P$44<>"",ISNUMBER(SEARCH(MID($P$44,1,2),číselníky!#REF!))) -> FALSE | AJ643: =MATCH(TRUE,INDEX(ikluby,$AJ642+1):enikluby,0)+$AJ642 -> #N/A | AK643: =IF(ISNUMBER(AJ643),INDEX(Oddil,AJ643),"")
AI644: =AND($P$44<>"",ISNUMBER(SEARCH(MID($P$44,1,2),číselníky!#REF!))) -> FALSE | AJ644: =MATCH(TRUE,INDEX(ikluby,$AJ643+1):enikluby,0)+$AJ643 -> #N/A | AK644: =IF(ISNUMBER(AJ644),INDEX(Oddil,AJ644),"")
AI645: =AND($P$44<>"",ISNUMBER(SEARCH(MID($P$44,1,2),číselníky!#REF!))) -> FALSE | AJ645: =MATCH(TRUE,INDEX(ikluby,$AJ644+1):enikluby,0)+$AJ644 -> #N/A | AK645: =IF(ISNUMBER(AJ645),INDEX(Oddil,AJ645),"")
AI646: =AND($P$44<>"",ISNUMBER(SEARCH(MID($P$44,1,2),číselníky!#REF!))) -> FALSE | AJ646: =MATCH(TRUE,INDEX(ikluby,$AJ645+1):enikluby,0)+$AJ645 -> #N/A | AK646: =IF(ISNUMBER(AJ646),INDEX(Oddil,AJ646),"")
AI647: =AND($P$44<>"",ISNUMBER(SEARCH(MID($P$44,1,2),číselníky!#REF!))) -> FALSE | AJ647: =MATCH(TRUE,INDEX(ikluby,$AJ646+1):enikluby,0)+$AJ646 -> #N/A | AK647: =IF(ISNUMBER(AJ647),INDEX(Oddil,AJ647),"")
AI648: =AND($P$44<>"",ISNUMBER(SEARCH(MID($P$44,1,2),číselníky!H694))) -> FALSE | AJ648: =MATCH(TRUE,INDEX(ikluby,$AJ647+1):enikluby,0)+$AJ647 -> #N/A | AK648: =IF(ISNUMBER(AJ648),INDEX(Oddil,AJ648),"")
AI649: =AND($P$44<>"",ISNUMBER(SEARCH(MID($P$44,1,2),číselníky!H695))) -> FALSE | AJ649: =MATCH(TRUE,INDEX(ikluby,$AJ648+1):enikluby,0)+$AJ648 -> #N/A | AK649: =IF(ISNUMBER(AJ649),INDEX(Oddil,AJ649),"")
AI650: =AND($P$44<>"",ISNUMBER(SEARCH(MID($P$44,1,2),číselníky!H696))) -> FALSE | AJ650: =MATCH(TRUE,INDEX(ikluby,$AJ649+1):enikluby,0)+$AJ649 -> #N/A | AK650: =IF(ISNUMBER(AJ650),INDEX(Oddil,AJ650),"")

Sheet DBčlenůŠSČR
A1: Ev_c_LOK | B1: Jmeno | C1: RokNar | D1: ELOCR | E1: ELOFIDE | F1: FEvCis | G1: RegPopl | H1: Fed | I1: Kraj | J1: KodOddilu | K1: NazevOddil | O1: 0
A2: 61881 | B2: Ă‡akin Otto | C2: 2018 | F2: 571000542 | G2: 250 | H2: CZE | I2: 11 | J2: 014 | K2: SK OAZA Praha | L2: =AND(vyberHrace<>"",ISNUMBER(SEARCH(vyberHrace,$B2))) | M2: =AND($I2=MID(kododd,1,2),$J2=MID(kododd,3,3)) | N2: =IF(ISNUMBER($O2),CONCATENATE(INDEX(RokNar,$O2)," ",INDEX(Jmeno,$O2)," ",INDEX(Ev_c_LOK,$O2)),"") | O2: =MATCH(true,INDEX(ihraci,$O1+1):ehraci,0)+$O1
A3: 46627 | B3: Abajyan Edik | C3: 2001 | F3: 23710802 | G3: 0 | H3: CZE | I3: 11 | J3: 006 | K3: TJ Pankrác | L3: =AND(vyberHrace<>"",ISNUMBER(SEARCH(vyberHrace,$B3))) | M3: =AND($I3=MID(kododd,1,2),$J3=MID(kododd,3,3)) | N3: =IF(ISNUMBER($O3),CONCATENATE(INDEX(RokNar,$O3)," ",INDEX(Jmeno,$O3)," ",INDEX(Ev_c_LOK,$O3)),"") | O3: =MATCH(true,INDEX(ihraci,$O2+1):ehraci,0)+$O2
A4: 55185 | B4: Abasova Elina | C4: 1989 | F4: 23751967 | G4: 0 | H4: CZE | I4: 11 | J4: 006 | K4: TJ Pankrác | L4: =AND(vyberHrace<>"",ISNUMBER(SEARCH(vyberHrace,$B4))) | M4: =AND($I4=MID(kododd,1,2),$J4=MID(kododd,3,3)) | N4: =IF(ISNUMBER($O4),CONCATENATE(INDEX(RokNar,$O4)," ",INDEX(Jmeno,$O4)," ",INDEX(Ev_c_LOK,$O4)),"") | O4: =MATCH(true,INDEX(ihraci,$O3+1):ehraci,0)+$O3
A5: 56977 | B5: Abbasov Parvin | C5: 1988 | D5: 1567 | E5: 1839 | F5: 23760486 | G5: 250 | H5: CZE | I5: 11 | J5: 063 | K5: Šachový klub Praha 4 | L5: =AND(vyberHrace<>"",ISNUMBER(SEARCH(vyberHrace,$B5))) | M5: =AND($I5=MID(kododd,1,2),$J5=MID(kododd,3,3)) | N5: =IF(ISNUMBER($O5),CONCATENATE(INDEX(RokNar,$O5)," ",INDEX(Jmeno,$O5)," ",INDEX(Ev_c_LOK,$O5)),"") | O5: =MATCH(true,INDEX(ihraci,$O4+1):ehraci,0)+$O4
A6: 61718 | B6: Abdelnour Mario | C6: 2007 | G6: 0 | H6: CZE | I6: 11 | J6: 700 | K6: Individuální člen PŠS | L6: =AND(vyberHrace<>"",ISNUMBER(SEARCH(vyberHrace,$B6))) | M6: =AND($I6=MID(kododd,1,2),$J6=MID(kododd,3,3)) | N6: =IF(ISNUMBER($O6),CONCATENATE(INDEX(RokNar,$O6)," ",INDEX(Jmeno,$O6)," ",INDEX(Ev_c_LOK,$O6)),"") | O6: =MATCH(true,INDEX(ihraci,$O5+1):ehraci,0)+$O5
A7: 59277 | B7: Abdrakhmanova Aidana | C7: 1996 | F7: 23776951 | G7: 0 | H7: CZE | I7: 11 | J7: 069 | K7: Chess Queen | L7: =AND(vyberHrace<>"",ISNUMBER(SEARCH(vyberHrace,$B7))) | M7: =AND($I7=MID(kododd,1,2),$J7=MID(kododd,3,3)) | N7: =IF(ISNUMBER($O7),CONCATENATE(INDEX(RokNar,$O7)," ",INDEX(Jmeno,$O7)," ",INDEX(Ev_c_LOK,$O7)),"") | O7: =MATCH(true,INDEX(ihraci,$O6+1):ehraci,0)+$O6
A8: 15216 | B8: Adam Rostislav | C8: 1987 | D8: 1468 | E8: 1682 | F8: 332372 | G8: 250 | H8: CZE | I8: 11 | J8: 015 | K8: TJ Kobylisy | L8: =AND(vyberHrace<>"",ISNUMBER(SEARCH(vyberHrace,$B8))) | M8: =AND($I8=MID(kododd,1,2),$J8=MID(kododd,3,3)) | N8: =IF(ISNUMBER($O8),CONCATENATE(INDEX(RokNar,$O8)," ",INDEX(Jmeno,$O8)," ",INDEX(Ev_c_LOK,$O8)),"") | O8: =MATCH(true,INDEX(ihraci,$O7+1):ehraci,0)+$O7
A9: 47807 | B9: Adam Samuel | C9: 2008 | G9: 0 | H9: CZE | I9: 11 | J9: 001 | K9: TJ Bohemians Praha | L9: =AND(vyberHrace<>"",ISNUMBER(SEARCH(vyberHrace,$B9))) | M9: =AND($I9=MID(kododd,1,2),$J9=MID(kododd,3,3)) | N9: =IF(ISNUMBER($O9),CONCATENATE(INDEX(RokNar,$O9)," ",INDEX(Jmeno,$O9)," ",INDEX(Ev_c_LOK,$O9)),"") | O9: =MATCH(true,INDEX(ihraci,$O8+1):ehraci,0)+$O8
A10: 62915 | B10: Adam Tadeáš | C10: 2018 | G10: 250 | H10: CZE | I10: 11 | J10: 066 | K10: Šachy Štěpán | L10: =AND(vyberHrace<>"",ISNUMBER(SEARCH(vyberHrace,$B10))) | M10: =AND($I10=MID(kododd,1,2),$J10=MID(kododd,3,3)) | N10: =IF(ISNUMBER($O10),CONCATENATE(INDEX(RokNar,$O10)," ",INDEX(Jmeno,$O10)," ",INDEX(Ev_c_LOK,$O10)),"") | O10: =MATCH(true,INDEX(ihraci,$O9+1):ehraci,0)+$O9
A11: 48837 | B11: Adamcová Emma | C11: 2008 | G11: 0 | H11: CZE | I11: 11 | J11: 051 | K11: Šachový klub Bohnice | L11: =AND(vyberHrace<>"",ISNUMBER(SEARCH(vyberHrace,$B11))) | M11: =AND($I11=MID(kododd,1,2),$J11=MID(kododd,3,3)) | N11: =IF(ISNUMBER($O11),CONCATENATE(INDEX(RokNar,$O11)," ",INDEX(Jmeno,$O11)," ",INDEX(Ev_c_LOK,$O11)),"") | O11: =MATCH(true,INDEX(ihraci,$O10+1):ehraci,0)+$O10
A12: 61682 | B12: Adamcová Tereza | C12: 2009 | G12: 0 | H12: CZE | I12: 11 | J12: 004 | K12: ŠK Dopravní podnik Praha | L12: =AND(vyberHrace<>"",ISNUMBER(SEARCH(vyberHrace,$B12))) | M12: =AND($I12=MID(kododd,1,2),$J12=MID(kododd,3,3)) | N12: =IF(ISNUMBER($O12),CONCATENATE(INDEX(RokNar,$O12)," ",INDEX(Jmeno,$O12)," ",INDEX(Ev_c_LOK,$O12)),"") | O12: =MATCH(true,INDEX(ihraci,$O11+1):ehraci,0)+$O11
A13: 60793 | B13: Adamczyk Marek | C13: 1987 | F13: 23787775 | G13: 250 | H13: CZE | I13: 11 | J13: 071 | K13: CZECH INN CHESS | L13: =AND(vyberHrace<>"",ISNUMBER(SEARCH(vyberHrace,$B13))) | M13: =AND($I13=MID(kododd,1,2),$J13=MID(kododd,3,3)) | N13: =IF(ISNUMBER($O13),CONCATENATE(INDEX(RokNar,$O13)," ",INDEX(Jmeno,$O13)," ",INDEX(Ev_c_LOK,$O13)),"") | O13: =MATCH(true,INDEX(ihraci,$O12+1):ehraci,0)+$O12
A14: 51831 | B14: Adamec David | C14: 2012 | D14: 1048 | F14: 23765364 | G14: 250 | H14: CZE | I14: 11 | J14: 004 | K14: ŠK Dopravní podnik Praha | L14: =AND(vyberHrace<>"",ISNUMBER(SEARCH(vyberHrace,$B14))) | M14: =AND($I14=MID(kododd,1,2),$J14=MID(kododd,3,3)) | N14: =IF(ISNUMBER($O14),CONCATENATE(INDEX(RokNar,$O14)," ",INDEX(Jmeno,$O14)," ",INDEX(Ev_c_LOK,$O14)),"") | O14: =MATCH(true,INDEX(ihraci,$O13+1):ehraci,0)+$O13
A15: 62659 | B15: Adamec Jakub | C15: 2015 | F15: 571002227 | G15: 250 | H15: CZE | I15: 11 | J15: 029 | K15: ŠK Praha-Smíchov | L15: =AND(vyberHrace<>"",ISNUMBER(SEARCH(vyberHrace,$B15))) | M15: =AND($I15=MID(kododd,1,2),$J15=MID(kododd,3,3)) | N15: =IF(ISNUMBER($O15),CONCATENATE(INDEX(RokNar,$O15)," ",INDEX(Jmeno,$O15)," ",INDEX(Ev_c_LOK,$O15)),"") | O15: =MATCH(true,INDEX(ihraci,$O14+1):ehraci,0)+$O14
A16: 48841 | B16: Adamec Kryštof Petr | C16: 2004 | G16: 0 | H16: CZE | I16: 11 | J16: 051 | K16: Šachový klub Bohnice | L16: =AND(vyberHrace<>"",ISNUMBER(SEARCH(vyberHrace,$B16))) | M16: =AND($I16=MID(kododd,1,2),$J16=MID(kododd,3,3)) | N16: =IF(ISNUMBER($O16),CONCATENATE(INDEX(RokNar,$O16)," ",INDEX(Jmeno,$O16)," ",INDEX(Ev_c_LOK,$O16)),"") | O16: =MATCH(true,INDEX(ihraci,$O15+1):ehraci,0)+$O15
A17: 575 | B17: Adámek Zdeněk | C17: 1974 | D17: 2072 | E17: 2109 | F17: 305065 | G17: 250 | H17: CZE | I17: 11 | J17: 004 | K17: ŠK Dopravní podnik Praha | L17: =AND(vyberHrace<>"",ISNUMBER(SEARCH(vyberHrace,$B17))) | M17: =AND($I17=MID(kododd,1,2),$J17=MID(kododd,3,3)) | N17: =IF(ISNUMBER($O17),CONCATENATE(INDEX(RokNar,$O17)," ",INDEX(Jmeno,$O17)," ",INDEX(Ev_c_LOK,$O17)),"") | O17: =MATCH(true,INDEX(ihraci,$O16+1):ehraci,0)+$O16
A18: 51782 | B18: Ajayi Matthew | C18: 2002 | D18: 1428 | F18: 23738910 | G18: 0 | H18: CZE | I18: 11 | J18: 002 | K18: ŠK Sokol Vyšehrad | L18: =AND(vyberHrace<>"",ISNUMBER(SEARCH(vyberHrace,$B18))) | M18: =AND($I18=MID(kododd,1,2),$J18=MID(kododd,3,3)) | N18: =IF(ISNUMBER($O18),CONCATENATE(INDEX(RokNar,$O18)," ",INDEX(Jmeno,$O18)," ",INDEX(Ev_c_LOK,$O18)),"") | O18: =MATCH(true,INDEX(ihraci,$O17+1):ehraci,0)+$O17
A19: 45146 | B19: Akerman Jan | C19: 1954 | D19: 1523 | E19: 1701 | F19: 23734710 | G19: 250 | H19: CZE | I19: 11 | J19: 016 | K19: ŠO Praga Praha | L19: =AND(vyberHrace<>"",ISNUMBER(SEARCH(vyberHrace,$B19))) | M19: =AND($I19=MID(kododd,1,2),$J19=MID(kododd,3,3)) | N19: =IF(ISNUMBER($O19),CONCATENATE(INDEX(RokNar,$O19)," ",INDEX(Jmeno,$O19)," ",INDEX(Ev_c_LOK,$O19)),"") | O19: =MATCH(true,INDEX(ihraci,$O18+1):ehraci,0)+$O18
A20: 29740 | B20: Akopov Edvard | C20: 1990 | D20: 1487 | G20: 250 | H20: CZE | I20: 11 | J20: 029 | K20: ŠK Praha-Smíchov | L20: =AND(vyberHrace<>"",ISNUMBER(SEARCH(vyberHrace,$B20))) | M20: =AND($I20=MID(kododd,1,2),$J20=MID(kododd,3,3)) | N20: =IF(ISNUMBER($O20),CONCATENATE(INDEX(RokNar,$O20)," ",INDEX(Jmeno,$O20)," ",INDEX(Ev_c_LOK,$O20)),"") | O20: =MATCH(true,INDEX(ihraci,$O19+1):ehraci,0)+$O19
A21: 15763 | B21: Alaverdyan Argišt | C21: 1991 | D21: 1306 | F21: 23733357 | G21: 0 | H21: CZE | I21: 11 | J21: 006 | K21: TJ Pankrác | L21: =AND(vyberHrace<>"",ISNUMBER(SEARCH(vyberHrace,$B21))) | M21: =AND($I21=MID(kododd,1,2),$J21=MID(kododd,3,3)) | N21: =IF(ISNUMBER($O21),CONCATENATE(INDEX(RokNar,$O21)," ",INDEX(Jmeno,$O21)," ",INDEX(Ev_c_LOK,$O21)),"") | O21: =MATCH(true,INDEX(ihraci,$O20+1):ehraci,0)+$O20
A22: 53545 | B22: Aleko Michail Alexandrovič | C22: 2008 | G22: 0 | H22: CZE | I22: 11 | J22: 004 | K22: ŠK Dopravní podnik Praha | L22: =AND(vyberHrace<>"",ISNUMBER(SEARCH(vyberHrace,$B22))) | M22: =AND($I22=MID(kododd,1,2),$J22=MID(kododd,3,3)) | N22: =IF(ISNUMBER($O22),CONCATENATE(INDEX(RokNar,$O22)," ",INDEX(Jmeno,$O22)," ",INDEX(Ev_c_LOK,$O22)),"") | O22: =MATCH(true,INDEX(ihraci,$O21+1):ehraci,0)+$O21
A23: 48243 | B23: Aleš Zbyněk | C23: 1960 | D23: 1269 | F23: 23733268 | G23: 250 | H23: CZE | I23: 11 | J23: 015 | K23: TJ Kobylisy | L23: =AND(vyberHrace<>"",ISNUMBER(SEARCH(vyberHrace,$B23))) | M23: =AND($I23=MID(kododd,1,2),$J23=MID(kododd,3,3)) | N23: =IF(ISNUMBER($O23),CONCATENATE(INDEX(RokNar,$O23)," ",INDEX(Jmeno,$O23)," ",INDEX(Ev_c_LOK,$O23)),"") | O23: =MATCH(true,INDEX(ihraci,$O22+1):ehraci,0)+$O22
A24: 37096 | B24: Aliyev Ilkin | C24: 1981 | D24: 1735 | F24: 23762519 | G24: 250 | H24: CZE | I24: 11 | J24: 700 | K24: Individuální člen PŠS | L24: =AND(vyberHrace<>"",ISNUMBER(SEARCH(vyberHrace,$B24))) | M24: =AND($I24=MID(kododd,1,2),$J24=MID(kododd,3,3)) | N24: =IF(ISNUMBER($O24),CONCATENATE(INDEX(RokNar,$O24)," ",INDEX(Jmeno,$O24)," ",INDEX(Ev_c_LOK,$O24)),"") | O24: =MATCH(true,INDEX(ihraci,$O23+1):ehraci,0)+$O23
A25: 60366 | B25: Alkopher Maya | C25: 2017 | G25: 250 | H25: CZE | I25: 11 | J25: 001 | K25: TJ Bohemians Praha | L25: =AND(vyberHrace<>"",ISNUMBER(SEARCH(vyberHrace,$B25))) | M25: =AND($I25=MID(kododd,1,2),$J25=MID(kododd,3,3)) | N25: =IF(ISNUMBER($O25),CONCATENATE(INDEX(RokNar,$O25)," ",INDEX(Jmeno,$O25)," ",INDEX(Ev_c_LOK,$O25)),"") | O25: =MATCH(true,INDEX(ihraci,$O24+1):ehraci,0)+$O24
A26: 36420 | B26: Ambrož Filip | C26: 1976 | D26: 1537 | G26: 0 | H26: CZE | I26: 11 | J26: 027 | K26: PSK Union Praha | L26: =AND(vyberHrace<>"",ISNUMBER(SEARCH(vyberHrace,$B26))) | M26: =AND($I26=MID(kododd,1,2),$J26=MID(kododd,3,3)) | N26: =IF(ISNUMBER($O26),CONCATENATE(INDEX(RokNar,$O26)," ",INDEX(Jmeno,$O26)," ",INDEX(Ev_c_LOK,$O26)),"") | O26: =MATCH(true,INDEX(ihraci,$O25+1):ehraci,0)+$O25
A27: 58939 | B27: Ambrož Teodor | C27: 2011 | F27: 23775041 | G27: 0 | H27: CZE | I27: 11 | J27: 068 | K27: Šachový klub Na Smetance, z.s. | L27: =AND(vyberHrace<>"",ISNUMBER(SEARCH(vyberHrace,$B27))) | M27: =AND($I27=MID(kododd,1,2),$J27=MID(kododd,3,3)) | N27: =IF(ISNUMBER($O27),CONCATENATE(INDEX(RokNar,$O27)," ",INDEX(Jmeno,$O27)," ",INDEX(Ev_c_LOK,$O27)),"") | O27: =MATCH(true,INDEX(ihraci,$O26+1):ehraci,0)+$O26
A28: 59094 | B28: Amkhalova Olga | C28: 2013 | F28: 23778610 | G28: 250 | H28: CZE | I28: 11 | J28: 059 | K28: ŠK Aurora | L28: =AND(vyberHrace<>"",ISNUMBER(SEARCH(vyberHrace,$B28))) | M28: =AND($I28=MID(kododd,1,2),$J28=MID(kododd,3,3)) | N28: =IF(ISNUMBER($O28),CONCATENATE(INDEX(RokNar,$O28)," ",INDEX(Jmeno,$O28)," ",INDEX(Ev_c_LOK,$O28)),"") | O28: =MATCH(true,INDEX(ihraci,$O27+1):ehraci,0)+$O27
A29: 37017 | B29: Anaškin Arsenij | C29: 2000 | D29: 2153 | E29: 2162 | F29: 357790 | G29: 250 | H29: CZE | I29: 11 | J29: 059 | K29: ŠK Aurora | L29: =AND(vyberHrace<>"",ISNUMBER(SEARCH(vyberHrace,$B29))) | M29: =AND($I29=MID(kododd,1,2),$J29=MID(kododd,3,3)) | N29: =IF(ISNUMBER($O29),CONCATENATE(INDEX(RokNar,$O29)," ",INDEX(Jmeno,$O29)," ",INDEX(Ev_c_LOK,$O29)),"") | O29: =MATCH(true,INDEX(ihraci,$O28+1):ehraci,0)+$O28
A30: 57828 | B30: Anderle Prokop | C30: 2012 | G30: 250 | H30: CZE | I30: 11 | J30: 075 | K30: ŠK Zličín z.s. | L30: =AND(vyberHrace<>"",ISNUMBER(SEARCH(vyberHrace,$B30))) | M30: =AND($I30=MID(kododd,1,2),$J30=MID(kododd,3,3)) | N30: =IF(ISNUMBER($O30),CONCATENATE(INDEX(RokNar,$O30)," ",INDEX(Jmeno,$O30)," ",INDEX(Ev_c_LOK,$O30)),"") | O30: =MATCH(true,INDEX(ihraci,$O29+1):ehraci,0)+$O29
A31: 54743 | B31: Andrešev Eldar | C31: 2015 | G31: 0 | H31: CZE | I31: 11 | J31: 068 | K31: Šachový klub Na Smetance, z.s. | L31: =AND(vyberHrace<>"",ISNUMBER(SEARCH(vyberHrace,$B31))) | M31: =AND($I31=MID(kododd,1,2),$J31=MID(kododd,3,3)) | N31: =IF(ISNUMBER($O31),CONCATENATE(INDEX(RokNar,$O31)," ",INDEX(Jmeno,$O31)," ",INDEX(Ev_c_LOK,$O31)),"") | O31: =MATCH(true,INDEX(ihraci,$O30+1):ehraci,0)+$O30
A32: 47472 | B32: Andrle Filip | C32: 2009 | D32: 2068 | E32: 2150 | F32: 23718749 | G32: 250 | H32: CZE | I32: 11 | J32: 015 | K32: TJ Kobylisy | L32: =AND(vyberHrace<>"",ISNUMBER(SEARCH(vyberHrace,$B32))) | M32: =AND($I32=MID(kododd,1,2),$J32=MID(kododd,3,3)) | N32: =IF(ISNUMBER($O32),CONCATENATE(INDEX(RokNar,$O32)," ",INDEX(Jmeno,$O32)," ",INDEX(Ev_c_LOK,$O32)),"") | O32: =MATCH(true,INDEX(ihraci,$O31+1):ehraci,0)+$O31
A33: 22257 | B33: Antoš David | C33: 1987 | D33: 1250 | G33: 0 | H33: CZE | I33: 11 | J33: 004 | K33: ŠK Dopravní podnik Praha | L33: =AND(vyberHrace<>"",ISNUMBER(SEARCH(vyberHrace,$B33))) | M33: =AND($I33=MID(kododd,1,2),$J33=MID(kododd,3,3)) | N33: =IF(ISNUMBER($O33),CONCATENATE(INDEX(RokNar,$O33)," ",INDEX(Jmeno,$O33)," ",INDEX(Ev_c_LOK,$O33)),"") | O33: =MATCH(true,INDEX(ihraci,$O32+1):ehraci,0)+$O32
A34: 54273 | B34: Antoš Jakub | C34: 2016 | D34: 1457 | E34: 1588 | F34: 23750804 | G34: 250 | H34: CZE | I34: 11 | J34: 004 | K34: ŠK Dopravní podnik Praha | L34: =AND(vyberHrace<>"",ISNUMBER(SEARCH(vyberHrace,$B34))) | M34: =AND($I34=MID(kododd,1,2),$J34=MID(kododd,3,3)) | N34: =IF(ISNUMBER($O34),CONCATENATE(INDEX(RokNar,$O34)," ",INDEX(Jmeno,$O34)," ",INDEX(Ev_c_LOK,$O34)),"") | O34: =MATCH(true,INDEX(ihraci,$O33+1):ehraci,0)+$O33
A35: 53525 | B35: Antoš Lukáš | C35: 2004 | D35: 1403 | E35: 1579 | F35: 23744952 | G35: 250 | H35: CZE | I35: 11 | J35: 029 | K35: ŠK Praha-Smíchov | L35: =AND(vyberHrace<>"",ISNUMBER(SEARCH(vyberHrace,$B35))) | M35: =AND($I35=MID(kododd,1,2),$J35=MID(kododd,3,3)) | N35: =IF(ISNUMBER($O35),CONCATENATE(INDEX(RokNar,$O35)," ",INDEX(Jmeno,$O35)," ",INDEX(Ev_c_LOK,$O35)),"") | O35: =MATCH(true,INDEX(ihraci,$O34+1):ehraci,0)+$O34
A36: 63035 | B36: Arzhanov Hlib | C36: 2015 | F36: 571002235 | G36: 250 | H36: CZE | I36: 11 | J36: 051 | K36: Šachový klub Bohnice | L36: =AND(vyberHrace<>"",ISNUMBER(SEARCH(vyberHrace,$B36))) | M36: =AND($I36=MID(kododd,1,2),$J36=MID(kododd,3,3)) | N36: =IF(ISNUMBER($O36),CONCATENATE(INDEX(RokNar,$O36)," ",INDEX(Jmeno,$O36)," ",INDEX(Ev_c_LOK,$O36)),"") | O36: =MATCH(true,INDEX(ihraci,$O35+1):ehraci,0)+$O35
A37: 52834 | B37: Aubrecht Dominik | C37: 1980 | E37: 1792 | F37: 23741406 | G37: 0 | H37: CZE | I37: 11 | J37: 050 | K37: Unichess | L37: =AND(vyberHrace<>"",ISNUMBER(SEARCH(vyberHrace,$B37))) | M37: =AND($I37=MID(kododd,1,2),$J37=MID(kododd,3,3)) | N37: =IF(ISNUMBER($O37),CONCATENATE(INDEX(RokNar,$O37)," ",INDEX(Jmeno,$O37)," ",INDEX(Ev_c_LOK,$O37)),"") | O37: =MATCH(true,INDEX(ihraci,$O36+1):ehraci,0)+$O36
A38: 58835 | B38: Aubrecht Jakub | C38: 2002 | G38: 250 | H38: CZE | I38: 11 | J38: 073 | K38: ŠK AuHa Gladiators | L38: =AND(vyberHrace<>"",ISNUMBER(SEARCH(vyberHrace,$B38))) | M38: =AND($I38=MID(kododd,1,2),$J38=MID(kododd,3,3)) | N38: =IF(ISNUMBER($O38),CONCATENATE(INDEX(RokNar,$O38)," ",INDEX(Jmeno,$O38)," ",INDEX(Ev_c_LOK,$O38)),"") | O38: =MATCH(true,INDEX(ihraci,$O37+1):ehraci,0)+$O37
A39: 36939 | B39: Aubrecht Petr | C39: 2000 | D39: 2018 | E39: 2030 | F39: 363847 | G39: 250 | H39: CZE | I39: 11 | J39: 001 | K39: TJ Bohemians Praha | L39: =AND(vyberHrace<>"",ISNUMBER(SEARCH(vyberHrace,$B39))) | M39: =AND($I39=MID(kododd,1,2),$J39=MID(kododd,3,3)) | N39: =IF(ISNUMBER($O39),CONCATENATE(INDEX(RokNar,$O39)," ",INDEX(Jmeno,$O39)," ",INDEX(Ev_c_LOK,$O39)),"") | O39: =MATCH(true,INDEX(ihraci,$O38+1):ehraci,0)+$O38
A40: 45111 | B40: Aubrechtová Zuzana | C40: 2004 | D40: 1434 | E40: 1567 | F40: 393657 | G40: 0 | H40: CZE | I40: 11 | J40: 001 | K40: TJ Bohemians Praha | L40: =AND(vyberHrace<>"",ISNUMBER(SEARCH(vyberHrace,$B40))) | M40: =AND($I40=MID(kododd,1,2),$J40=MID(kododd,3,3)) | N40: =IF(ISNUMBER($O40),CONCATENATE(INDEX(RokNar,$O40)," ",INDEX(Jmeno,$O40)," ",INDEX(Ev_c_LOK,$O40)),"") | O40: =MATCH(true,INDEX(ihraci,$O39+1):ehraci,0)+$O39
A41: 62206 | B41: Avdějev Alexandr | C41: 2012 | D41: 1212 | F41: 571002944 | G41: 250 | H41: CZE | I41: 11 | J41: 062 | K41: Kbelská sportovní | L41: =AND(vyberHrace<>"",ISNUMBER(SEARCH(vyberHrace,$B41))) | M41: =AND($I41=MID(kododd,1,2),$J41=MID(kododd,3,3)) | N41: =IF(ISNUMBER($O41),CONCATENATE(INDEX(RokNar,$O41)," ",INDEX(Jmeno,$O41)," ",INDEX(Ev_c_LOK,$O41)),"") | O41: =MATCH(true,INDEX(ihraci,$O40+1):ehraci,0)+$O40
A42: 667 | B42: Axamit Robert | C42: 1952 | D42: 1941 | E42: 2013 | F42: 302120 | G42: 250 | H42: CZE | I42: 11 | J42: 001 | K42: TJ Bohemians Praha | L42: =AND(vyberHrace<>"",ISNUMBER(SEARCH(vyberHrace,$B42))) | M42: =AND($I42=MID(kododd,1,2),$J42=MID(kododd,3,3)) | N42: =IF(ISNUMBER($O42),CONCATENATE(INDEX(RokNar,$O42)," ",INDEX(Jmeno,$O42)," ",INDEX(Ev_c_LOK,$O42)),"") | O42: =MATCH(true,INDEX(ihraci,$O41+1):ehraci,0)+$O41
A43: 43841 | B43: Ayriyan Bella | C43: 1986 | D43: 1962 | E43: 1938 | F43: 385867 | G43: 0 | H43: CZE | I43: 11 | J43: 004 | K43: ŠK Dopravní podnik Praha | L43: =AND(vyberHrace<>"",ISNUMBER(SEARCH(vyberHrace,$B43))) | M43: =AND($I43=MID(kododd,1,2),$J43=MID(kododd,3,3)) | N43: =IF(ISNUMBER($O43),CONCATENATE(INDEX(RokNar,$O43)," ",INDEX(Jmeno,$O43)," ",INDEX(Ev_c_LOK,$O43)),"") | O43: =MATCH(true,INDEX(ihraci,$O42+1):ehraci,0)+$O42
A44: 62610 | B44: Babec Denys | C44: 2008 | F44: 23791403 | G44: 250 | H44: CZE | I44: 11 | J44: 032 | K44: DDM Praha 6 | L44: =AND(vyberHrace<>"",ISNUMBER(SEARCH(vyberHrace,$B44))) | M44: =AND($I44=MID(kododd,1,2),$J44=MID(kododd,3,3)) | N44: =IF(ISNUMBER($O44),CONCATENATE(INDEX(RokNar,$O44)," ",INDEX(Jmeno,$O44)," ",INDEX(Ev_c_LOK,$O44)),"") | O44: =MATCH(true,INDEX(ihraci,$O43+1):ehraci,0)+$O43
A45: 49882 | B45: Babič Danil | C45: 2006 | D45: 1100 | F45: 23731320 | G45: 0 | H45: CZE | I45: 11 | J45: 067 | K45: ŠK Molekula | L45: =AND(vyberHrace<>"",ISNUMBER(SEARCH(vyberHrace,$B45))) | M45: =AND($I45=MID(kododd,1,2),$J45=MID(kododd,3,3)) | N45: =IF(ISNUMBER($O45),CONCATENATE(INDEX(RokNar,$O45)," ",INDEX(Jmeno,$O45)," ",INDEX(Ev_c_LOK,$O45)),"") | O45: =MATCH(true,INDEX(ihraci,$O44+1):ehraci,0)+$O44
A46: 13943 | B46: Babiš Milan | C46: 1969 | D46: 1865 | E46: 1917 | F46: 380652 | G46: 0 | H46: CZE | I46: 11 | J46: 002 | K46: ŠK Sokol Vyšehrad | L46: =AND(vyberHrace<>"",ISNUMBER(SEARCH(vyberHrace,$B46))) | M46: =AND($I46=MID(kododd,1,2),$J46=MID(kododd,3,3)) | N46: =IF(ISNUMBER($O46),CONCATENATE(INDEX(RokNar,$O46)," ",INDEX(Jmeno,$O46)," ",INDEX(Ev_c_LOK,$O46)),"") | O46: =MATCH(true,INDEX(ihraci,$O45+1):ehraci,0)+$O45
A47: 44675 | B47: Baburnyč Anastasia | C47: 2007 | G47: 0 | H47: CZE | I47: 11 | J47: 001 | K47: TJ Bohemians Praha | L47: =AND(vyberHrace<>"",ISNUMBER(SEARCH(vyberHrace,$B47))) | M47: =AND($I47=MID(kododd,1,2),$J47=MID(kododd,3,3)) | N47: =IF(ISNUMBER($O47),CONCATENATE(INDEX(RokNar,$O47)," ",INDEX(Jmeno,$O47)," ",INDEX(Ev_c_LOK,$O47)),"") | O47: =MATCH(true,INDEX(ihraci,$O46+1):ehraci,0)+$O46
A48: 53120 | B48: Baculík Daniel | C48: 2007 | G48: 0 | H48: CZE | I48: 11 | J48: 006 | K48: TJ Pankrác | L48: =AND(vyberHrace<>"",ISNUMBER(SEARCH(vyberHrace,$B48))) | M48: =AND($I48=MID(kododd,1,2),$J48=MID(kododd,3,3)) | N48: =IF(ISNUMBER($O48),CONCATENATE(INDEX(RokNar,$O48)," ",INDEX(Jmeno,$O48)," ",INDEX(Ev_c_LOK,$O48)),"") | O48: =MATCH(true,INDEX(ihraci,$O47+1):ehraci,0)+$O47
A49: 38015 | B49: Báča Jindřich | C49: 1942 | G49: 0 | H49: CZE | I49: 11 | J49: 004 | K49: ŠK Dopravní podnik Praha | L49: =AND(vyberHrace<>"",ISNUMBER(SEARCH(vyberHrace,$B49))) | M49: =AND($I49=MID(kododd,1,2),$J49=MID(kododd,3,3)) | N49: =IF(ISNUMBER($O49),CONCATENATE(INDEX(RokNar,$O49)," ",INDEX(Jmeno,$O49)," ",INDEX(Ev_c_LOK,$O49)),"") | O49: =MATCH(true,INDEX(ihraci,$O48+1):ehraci,0)+$O48
A50: 56764 | B50: Báča Kryštof | C50: 2010 | G50: 0 | H50: CZE | I50: 11 | J50: 001 | K50: TJ Bohemians Praha | L50: =AND(vyberHrace<>"",ISNUMBER(SEARCH(vyberHrace,$B50))) | M50: =AND($I50=MID(kododd,1,2),$J50=MID(kododd,3,3)) | N50: =IF(ISNUMBER($O50),CONCATENATE(INDEX(RokNar,$O50)," ",INDEX(Jmeno,$O50)," ",INDEX(Ev_c_LOK,$O50)),"") | O50: =MATCH(true,INDEX(ihraci,$O49+1):ehraci,0)+$O49
A51: 42199 | B51: Baďouček Otakar | C51: 1954 | D51: 1580 | G51: 250 | H51: CZE | I51: 11 | J51: 061 | K51: Sokol Nebušice | L51: =AND(vyberHrace<>"",ISNUMBER(SEARCH(vyberHrace,$B51))) | M51: =AND($I51=MID(kododd,1,2),$J51=MID(kododd,3,3)) | N51: =IF(ISNUMBER($O51),CONCATENATE(INDEX(RokNar,$O51)," ",INDEX(Jmeno,$O51)," ",INDEX(Ev_c_LOK,$O51)),"") | O51: =MATCH(true,INDEX(ihraci,$O50+1):ehraci,0)+$O50
A52: 37693 | B52: Bach Jaroslav | C52: 1972 | D52: 1151 | E52: 1474 | F52: 385905 | G52: 250 | H52: CZE | I52: 11 | J52: 029 | K52: ŠK Praha-Smíchov | L52: =AND(vyberHrace<>"",ISNUMBER(SEARCH(vyberHrace,$B52))) | M52: =AND($I52=MID(kododd,1,2),$J52=MID(kododd,3,3)) | N52: =IF(ISNUMBER($O52),CONCATENATE(INDEX(RokNar,$O52)," ",INDEX(Jmeno,$O52)," ",INDEX(Ev_c_LOK,$O52)),"") | O52: =MATCH(true,INDEX(ihraci,$O51+1):ehraci,0)+$O51
A53: 59281 | B53: Bachmaga Stepan | C53: 2016 | G53: 0 | H53: CZE | I53: 11 | J53: 069 | K53: Chess Queen | L53: =AND(vyberHrace<>"",ISNUMBER(SEARCH(vyberHrace,$B53))) | M53: =AND($I53=MID(kododd,1,2),$J53=MID(kododd,3,3)) | N53: =IF(ISNUMBER($O53),CONCATENATE(INDEX(RokNar,$O53)," ",INDEX(Jmeno,$O53)," ",INDEX(Ev_c_LOK,$O53)),"") | O53: =MATCH(true,INDEX(ihraci,$O52+1):ehraci,0)+$O52
A54: 58624 | B54: Bachmann Viktor | C54: 2011 | G54: 250 | H54: CZE | I54: 11 | J54: 051 | K54: Šachový klub Bohnice | L54: =AND(vyberHrace<>"",ISNUMBER(SEARCH(vyberHrace,$B54))) | M54: =AND($I54=MID(kododd,1,2),$J54=MID(kododd,3,3)) | N54: =IF(ISNUMBER($O54),CONCATENATE(INDEX(RokNar,$O54)," ",INDEX(Jmeno,$O54)," ",INDEX(Ev_c_LOK,$O54)),"") | O54: =MATCH(true,INDEX(ihraci,$O53+1):ehraci,0)+$O53
A55: 5977 | B55: Baier Jan | C55: 1971 | D55: 1469 | F55: 372471 | G55: 250 | H55: CZE | I55: 11 | J55: 055 | K55: Šachový oddíl TJ DUKLA Praha | L55: =AND(vyberHrace<>"",ISNUMBER(SEARCH(vyberHrace,$B55))) | M55: =AND($I55=MID(kododd,1,2),$J55=MID(kododd,3,3)) | N55: =IF(ISNUMBER($O55),CONCATENATE(INDEX(RokNar,$O55)," ",INDEX(Jmeno,$O55)," ",INDEX(Ev_c_LOK,$O55)),"") | O55: =MATCH(true,INDEX(ihraci,$O54+1):ehraci,0)+$O54
A56: 62921 | B56: Baier Matěj | C56: 2018 | G56: 250 | H56: CZE | I56: 11 | J56: 066 | K56: Šachy Štěpán | L56: =AND(vyberHrace<>"",ISNUMBER(SEARCH(vyberHrace,$B56))) | M56: =AND($I56=MID(kododd,1,2),$J56=MID(kododd,3,3)) | N56: =IF(ISNUMBER($O56),CONCATENATE(INDEX(RokNar,$O56)," ",INDEX(Jmeno,$O56)," ",INDEX(Ev_c_LOK,$O56)),"") | O56: =MATCH(true,INDEX(ihraci,$O55+1):ehraci,0)+$O55
A57: 60332 | B57: Baier Vojtěch | C57: 2016 | G57: 250 | H57: CZE | I57: 11 | J57: 066 | K57: Šachy Štěpán | L57: =AND(vyberHrace<>"",ISNUMBER(SEARCH(vyberHrace,$B57))) | M57: =AND($I57=MID(kododd,1,2),$J57=MID(kododd,3,3)) | N57: =IF(ISNUMBER($O57),CONCATENATE(INDEX(RokNar,$O57)," ",INDEX(Jmeno,$O57)," ",INDEX(Ev_c_LOK,$O57)),"") | O57: =MATCH(true,INDEX(ihraci,$O56+1):ehraci,0)+$O56
A58: 27914 | B58: Bainhofner Jiří | C58: 1947 | D58: 1648 | E58: 1791 | F58: 335762 | G58: 250 | H58: CZE | I58: 11 | J58: 054 | K58: Šachový spolek Újezd nad Lesy | L58: =AND(vyberHrace<>"",ISNUMBER(SEARCH(vyberHrace,$B58))) | M58: =AND($I58=MID(kododd,1,2),$J58=MID(kododd,3,3)) | N58: =IF(ISNUMBER($O58),CONCATENATE(INDEX(RokNar,$O58)," ",INDEX(Jmeno,$O58)," ",INDEX(Ev_c_LOK,$O58)),"") | O58: =MATCH(true,INDEX(ihraci,$O57+1):ehraci,0)+$O57
A59: 103 | B59: Bakalář Petr | C59: 1970 | D59: 2210 | E59: 2210 | F59: 300594 | G59: 0 | H59: CZE | I59: 11 | J59: 050 | K59: Unichess | L59: =AND(vyberHrace<>"",ISNUMBER(SEARCH(vyberHrace,$B59))) | M59: =AND($I59=MID(kododd,1,2),$J59=MID(kododd,3,3)) | N59: =IF(ISNUMBER($O59),CONCATENATE(INDEX(RokNar,$O59)," ",INDEX(Jmeno,$O59)," ",INDEX(Ev_c_LOK,$O59)),"") | O59: =MATCH(true,INDEX(ihraci,$O58+1):ehraci,0)+$O58
A60: 53090 | B60: Baksa Andrej | C60: 2014 | F60: 23761920 | G60: 250 | H60: CZE | I60: 11 | J60: 004 | K60: ŠK Dopravní podnik Praha | L60: =AND(vyberHrace<>"",ISNUMBER(SEARCH(vyberHrace,$B60))) | M60: =AND($I60=MID(kododd,1,2),$J60=MID(kododd,3,3)) | N60: =IF(ISNUMBER($O60),CONCATENATE(INDEX(RokNar,$O60)," ",INDEX(Jmeno,$O60)," ",INDEX(Ev_c_LOK,$O60)),"") | O60: =MATCH(true,INDEX(ihraci,$O59+1):ehraci,0)+$O59
A61: 57649 | B61: Balko Martin | C61: 1987 | D61: 1523 | F61: 23768444 | G61: 250 | H61: CZE | I61: 11 | J61: 060 | K61: Steinitz - Makabi Praha | L61: =AND(vyberHrace<>"",ISNUMBER(SEARCH(vyberHrace,$B61))) | M61: =AND($I61=MID(kododd,1,2),$J61=MID(kododd,3,3)) | N61: =IF(ISNUMBER($O61),CONCATENATE(INDEX(RokNar,$O61)," ",INDEX(Jmeno,$O61)," ",INDEX(Ev_c_LOK,$O61)),"") | O61: =MATCH(true,INDEX(ihraci,$O60+1):ehraci,0)+$O60
A62: 59173 | B62: Baltynov Madi | C62: 2018 | D62: 1586 | E62: 1715 | F62: 23776978 | G62: 250 | H62: CZE | I62: 11 | J62: 001 | K62: TJ Bohemians Praha | L62: =AND(vyberHrace<>"",ISNUMBER(SEARCH(vyberHrace,$B62))) | M62: =AND($I62=MID(kododd,1,2),$J62=MID(kododd,3,3)) | N62: =IF(ISNUMBER($O62),CONCATENATE(INDEX(RokNar,$O62)," ",INDEX(Jmeno,$O62)," ",INDEX(Ev_c_LOK,$O62)),"") | O62: =MATCH(true,INDEX(ihraci,$O61+1):ehraci,0)+$O61
A63: 57221 | B63: Baltynov Turar | C63: 1987 | D63: 1723 | E63: 1811 | F63: 23775459 | G63: 250 | H63: CZE | I63: 11 | J63: 001 | K63: TJ Bohemians Praha | L63: =AND(vyberHrace<>"",ISNUMBER(SEARCH(vyberHrace,$B63))) | M63: =AND($I63=MID(kododd,1,2),$J63=MID(kododd,3,3)) | N63: =IF(ISNUMBER($O63),CONCATENATE(INDEX(RokNar,$O63)," ",INDEX(Jmeno,$O63)," ",INDEX(Ev_c_LOK,$O63)),"") | O63: =MATCH(true,INDEX(ihraci,$O62+1):ehraci,0)+$O62
A64: 39270 | B64: Bambousková Monika | C64: 1985 | D64: 1413 | G64: 0 | H64: CZE | I64: 11 | J64: 029 | K64: ŠK Praha-Smíchov | L64: =AND(vyberHrace<>"",ISNUMBER(SEARCH(vyberHrace,$B64))) | M64: =AND($I64=MID(kododd,1,2),$J64=MID(kododd,3,3)) | N64: =IF(ISNUMBER($O64),CONCATENATE(INDEX(RokNar,$O64)," ",INDEX(Jmeno,$O64)," ",INDEX(Ev_c_LOK,$O64)),"") | O64: =MATCH(true,INDEX(ihraci,$O63+1):ehraci,0)+$O63
A65: 58846 | B65: Báňas Branko | C65: 2015 | G65: 0 | H65: CZE | I65: 11 | J65: 051 | K65: Šachový klub Bohnice | L65: =AND(vyberHrace<>"",ISNUMBER(SEARCH(vyberHrace,$B65))) | M65: =AND($I65=MID(kododd,1,2),$J65=MID(kododd,3,3)) | N65: =IF(ISNUMBER($O65),CONCATENATE(INDEX(RokNar,$O65)," ",INDEX(Jmeno,$O65)," ",INDEX(Ev_c_LOK,$O65)),"") | O65: =MATCH(true,INDEX(ihraci,$O64+1):ehraci,0)+$O64
A66: 54929 | B66: Bandalac Andrei | C66: 1991 | F66: 23751975 | G66: 0 | H66: CZE | I66: 11 | J66: 059 | K66: ŠK Aurora | L66: =AND(vyberHrace<>"",ISNUMBER(SEARCH(vyberHrace,$B66))) | M66: =AND($I66=MID(kododd,1,2),$J66=MID(kododd,3,3)) | N66: =IF(ISNUMBER($O66),CONCATENATE(INDEX(RokNar,$O66)," ",INDEX(Jmeno,$O66)," ",INDEX(Ev_c_LOK,$O66)),"") | O66: =MATCH(true,INDEX(ihraci,$O65+1):ehraci,0)+$O65
A67: 60354 | B67: Banďouch Josef | C67: 2017 | G67: 250 | H67: CZE | I67: 11 | J67: 001 | K67: TJ Bohemians Praha | L67: =AND(vyberHrace<>"",ISNUMBER(SEARCH(vyberHrace,$B67))) | M67: =AND($I67=MID(kododd,1,2),$J67=MID(kododd,3,3)) | N67: =IF(ISNUMBER($O67),CONCATENATE(INDEX(RokNar,$O67)," ",INDEX(Jmeno,$O67)," ",INDEX(Ev_c_LOK,$O67)),"") | O67: =MATCH(true,INDEX(ihraci,$O66+1):ehraci,0)+$O66
A68: 9218 | B68: Bányai František | C68: 1947 | D68: 1624 | F68: 23741309 | G68: 250 | H68: CZE | I68: 11 | J68: 060 | K68: Steinitz - Makabi Praha | L68: =AND(vyberHrace<>"",ISNUMBER(SEARCH(vyberHrace,$B68))) | M68: =AND($I68=MID(kododd,1,2),$J68=MID(kododd,3,3)) | N68: =IF(ISNUMBER($O68),CONCATENATE(INDEX(RokNar,$O68)," ",INDEX(Jmeno,$O68)," ",INDEX(Ev_c_LOK,$O68)),"") | O68: =MATCH(true,INDEX(ihraci,$O67+1):ehraci,0)+$O67
A69: 47813 | B69: Bára Jan | C69: 2012 | D69: 2093 | E69: 2126 | F69: 23716150 | G69: 250 | H69: CZE | I69: 11 | J69: 004 | K69: ŠK Dopravní podnik Praha | L69: =AND(vyberHrace<>"",ISNUMBER(SEARCH(vyberHrace,$B69))) | M69: =AND($I69=MID(kododd,1,2),$J69=MID(kododd,3,3)) | N69: =IF(ISNUMBER($O69),CONCATENATE(INDEX(RokNar,$O69)," ",INDEX(Jmeno,$O69)," ",INDEX(Ev_c_LOK,$O69)),"") | O69: =MATCH(true,INDEX(ihraci,$O68+1):ehraci,0)+$O68
A70: 38042 | B70: Bára Josef | C70: 1973 | D70: 1512 | E70: 1637 | F70: 377694 | G70: 250 | H70: CZE | I70: 11 | J70: 004 | K70: ŠK Dopravní podnik Praha | L70: =AND(vyberHrace<>"",ISNUMBER(SEARCH(vyberHrace,$B70))) | M70: =AND($I70=MID(kododd,1,2),$J70=MID(kododd,3,3)) | N70: =IF(ISNUMBER($O70),CONCATENATE(INDEX(RokNar,$O70)," ",INDEX(Jmeno,$O70)," ",INDEX(Ev_c_LOK,$O70)),"") | O70: =MATCH(true,INDEX(ihraci,$O69+1):ehraci,0)+$O69
A71: 41876 | B71: Bára Josef | C71: 1999 | D71: 1556 | E71: 1777 | F71: 386316 | G71: 0 | H71: CZE | I71: 11 | J71: 004 | K71: ŠK Dopravní podnik Praha | L71: =AND(vyberHrace<>"",ISNUMBER(SEARCH(vyberHrace,$B71))) | M71: =AND($I71=MID(kododd,1,2),$J71=MID(kododd,3,3)) | N71: =IF(ISNUMBER($O71),CONCATENATE(INDEX(RokNar,$O71)," ",INDEX(Jmeno,$O71)," ",INDEX(Ev_c_LOK,$O71)),"") | O71: =MATCH(true,INDEX(ihraci,$O70+1):ehraci,0)+$O70
A72: 36698 | B72: Barabas Aleš | C72: 1959 | D72: 1771 | E72: 1811 | F72: 353396 | G72: 250 | H72: CZE | I72: 11 | J72: 004 | K72: ŠK Dopravní podnik Praha | L72: =AND(vyberHrace<>"",ISNUMBER(SEARCH(vyberHrace,$B72))) | M72: =AND($I72=MID(kododd,1,2),$J72=MID(kododd,3,3)) | N72: =IF(ISNUMBER($O72),CONCATENATE(INDEX(RokNar,$O72)," ",INDEX(Jmeno,$O72)," ",INDEX(Ev_c_LOK,$O72)),"") | O72: =MATCH(true,INDEX(ihraci,$O71+1):ehraci,0)+$O71
A73: 59920 | B73: Baran Ladislav | C73: 1979 | D73: 1098 | F73: 23793970 | G73: 250 | H73: CZE | I73: 11 | J73: 071 | K73: CZECH INN CHESS | L73: =AND(vyberHrace<>"",ISNUMBER(SEARCH(vyberHrace,$B73))) | M73: =AND($I73=MID(kododd,1,2),$J73=MID(kododd,3,3)) | N73: =IF(ISNUMBER($O73),CONCATENATE(INDEX(RokNar,$O73)," ",INDEX(Jmeno,$O73)," ",INDEX(Ev_c_LOK,$O73)),"") | O73: =MATCH(true,INDEX(ihraci,$O72+1):ehraci,0)+$O72
A74: 51048 | B74: Bardiovský David Tyl | C74: 2010 | G74: 0 | H74: CZE | I74: 11 | J74: 050 | K74: Unichess | L74: =AND(vyberHrace<>"",ISNUMBER(SEARCH(vyberHrace,$B74))) | M74: =AND($I74=MID(kododd,1,2),$J74=MID(kododd,3,3)) | N74: =IF(ISNUMBER($O74),CONCATENATE(INDEX(RokNar,$O74)," ",INDEX(Jmeno,$O74)," ",INDEX(Ev_c_LOK,$O74)),"") | O74: =MATCH(true,INDEX(ihraci,$O73+1):ehraci,0)+$O73
A75: 2256 | B75: Barchánek Antonín | C75: 1949 | D75: 2024 | E75: 2076 | F75: 310590 | G75: 0 | H75: CZE | I75: 11 | J75: 012 | K75: Šachový klub Viktoria Žižkov | L75: =AND(vyberHrace<>"",ISNUMBER(SEARCH(vyberHrace,$B75))) | M75: =AND($I75=MID(kododd,1,2),$J75=MID(kododd,3,3)) | N75: =IF(ISNUMBER($O75),CONCATENATE(INDEX(RokNar,$O75)," ",INDEX(Jmeno,$O75)," ",INDEX(Ev_c_LOK,$O75)),"") | O75: =MATCH(true,INDEX(ihraci,$O74+1):ehraci,0)+$O74
A76: 43718 | B76: Barilo Petr | C76: 2008 | D76: 1220 | F76: 23716169 | G76: 0 | H76: CZE | I76: 11 | J76: 004 | K76: ŠK Dopravní podnik Praha | L76: =AND(vyberHrace<>"",ISNUMBER(SEARCH(vyberHrace,$B76))) | M76: =AND($I76=MID(kododd,1,2),$J76=MID(kododd,3,3)) | N76: =IF(ISNUMBER($O76),CONCATENATE(INDEX(RokNar,$O76)," ",INDEX(Jmeno,$O76)," ",INDEX(Ev_c_LOK,$O76)),"") | O76: =MATCH(true,INDEX(ihraci,$O75+1):ehraci,0)+$O75
A77: 12033 | B77: Barotek Martin | C77: 1955 | D77: 1967 | E77: 1968 | F77: 335789 | G77: 0 | H77: CZE | I77: 11 | J77: 015 | K77: TJ Kobylisy | L77: =AND(vyberHrace<>"",ISNUMBER(SEARCH(vyberHrace,$B77))) | M77: =AND($I77=MID(kododd,1,2),$J77=MID(kododd,3,3)) | N77: =IF(ISNUMBER($O77),CONCATENATE(INDEX(RokNar,$O77)," ",INDEX(Jmeno,$O77)," ",INDEX(Ev_c_LOK,$O77)),"") | O77: =MATCH(true,INDEX(ihraci,$O76+1):ehraci,0)+$O76
A78: 10828 | B78: Bárta Miroslav | C78: 1982 | D78: 1931 | E78: 1928 | F78: 349666 | G78: 250 | H78: CZE | I78: 11 | J78: 010 | K78: Šachový klub Loko Praha | L78: =AND(vyberHrace<>"",ISNUMBER(SEARCH(vyberHrace,$B78))) | M78: =AND($I78=MID(kododd,1,2),$J78=MID(kododd,3,3)) | N78: =IF(ISNUMBER($O78),CONCATENATE(INDEX(RokNar,$O78)," ",INDEX(Jmeno,$O78)," ",INDEX(Ev_c_LOK,$O78)),"") | O78: =MATCH(true,INDEX(ihraci,$O77+1):ehraci,0)+$O77
A79: 27386 | B79: Bárta Tomáš | C79: 1993 | D79: 1713 | E79: 1850 | F79: 351504 | G79: 0 | H79: CZE | I79: 11 | J79: 032 | K79: DDM Praha 6 | L79: =AND(vyberHrace<>"",ISNUMBER(SEARCH(vyberHrace,$B79))) | M79: =AND($I79=MID(kododd,1,2),$J79=MID(kododd,3,3)) | N79: =IF(ISNUMBER($O79),CONCATENATE(INDEX(RokNar,$O79)," ",INDEX(Jmeno,$O79)," ",INDEX(Ev_c_LOK,$O79)),"") | O79: =MATCH(true,INDEX(ihraci,$O78+1):ehraci,0)+$O78
A80: 5993 | B80: Bartáček Jan | C80: 1979 | D80: 1115 | G80: 0 | H80: CZE | I80: 11 | J80: 004 | K80: ŠK Dopravní podnik Praha | L80: =AND(vyberHrace<>"",ISNUMBER(SEARCH(vyberHrace,$B80))) | M80: =AND($I80=MID(kododd,1,2),$J80=MID(kododd,3,3)) | N80: =IF(ISNUMBER($O80),CONCATENATE(INDEX(RokNar,$O80)," ",INDEX(Jmeno,$O80)," ",INDEX(Ev_c_LOK,$O80)),"") | O80: =MATCH(true,INDEX(ihraci,$O79+1):ehraci,0)+$O79
A81: 1445 | B81: Barták Jiří | C81: 1956 | D81: 2002 | G81: 0 | H81: CZE | I81: 11 | J81: 004 | K81: ŠK Dopravní podnik Praha | L81: =AND(vyberHrace<>"",ISNUMBER(SEARCH(vyberHrace,$B81))) | M81: =AND($I81=MID(kododd,1,2),$J81=MID(kododd,3,3)) | N81: =IF(ISNUMBER($O81),CONCATENATE(INDEX(RokNar,$O81)," ",INDEX(Jmeno,$O81)," ",INDEX(Ev_c_LOK,$O81)),"") | O81: =MATCH(true,INDEX(ihraci,$O80+1):ehraci,0)+$O80
A82: 14837 | B82: Barták Karel | C82: 1979 | D82: 1740 | F82: 394700 | G82: 0 | H82: CZE | I82: 11 | J82: 002 | K82: ŠK Sokol Vyšehrad | L82: =AND(vyberHrace<>"",ISNUMBER(SEARCH(vyberHrace,$B82))) | M82: =AND($I82=MID(kododd,1,2),$J82=MID(kododd,3,3)) | N82: =IF(ISNUMBER($O82),CONCATENATE(INDEX(RokNar,$O82)," ",INDEX(Jmeno,$O82)," ",INDEX(Ev_c_LOK,$O82)),"") | O82: =MATCH(true,INDEX(ihraci,$O81+1):ehraci,0)+$O81
A83: 56827 | B83: Bártek Filip | C83: 2003 | F83: 23775564 | G83: 0 | H83: CZE | I83: 11 | J83: 015 | K83: TJ Kobylisy | L83: =AND(vyberHrace<>"",ISNUMBER(SEARCH(vyberHrace,$B83))) | M83: =AND($I83=MID(kododd,1,2),$J83=MID(kododd,3,3)) | N83: =IF(ISNUMBER($O83),CONCATENATE(INDEX(RokNar,$O83)," ",INDEX(Jmeno,$O83)," ",INDEX(Ev_c_LOK,$O83)),"") | O83: =MATCH(true,INDEX(ihraci,$O82+1):ehraci,0)+$O82
A84: 48057 | B84: Barth Vít | C84: 1991 | D84: 1434 | E84: 1595 | F84: 23724803 | G84: 250 | H84: CZE | I84: 11 | J84: 001 | K84: TJ Bohemians Praha | L84: =AND(vyberHrace<>"",ISNUMBER(SEARCH(vyberHrace,$B84))) | M84: =AND($I84=MID(kododd,1,2),$J84=MID(kododd,3,3)) | N84: =IF(ISNUMBER($O84),CONCATENATE(INDEX(RokNar,$O84)," ",INDEX(Jmeno,$O84)," ",INDEX(Ev_c_LOK,$O84)),"") | O84: =MATCH(true,INDEX(ihraci,$O83+1):ehraci,0)+$O83
A85: 53302 | B85: Bartoň Jan | C85: 2001 | G85: 0 | H85: CZE | I85: 11 | J85: 004 | K85: ŠK Dopravní podnik Praha | L85: =AND(vyberHrace<>"",ISNUMBER(SEARCH(vyberHrace,$B85))) | M85: =AND($I85=MID(kododd,1,2),$J85=MID(kododd,3,3)) | N85: =IF(ISNUMBER($O85),CONCATENATE(INDEX(RokNar,$O85)," ",INDEX(Jmeno,$O85)," ",INDEX(Ev_c_LOK,$O85)),"") | O85: =MATCH(true,INDEX(ihraci,$O84+1):ehraci,0)+$O84
A86: 60922 | B86: Bartoš Jakub | C86: 2010 | D86: 1056 | G86: 0 | H86: CZE | I86: 11 | J86: 001 | K86: TJ Bohemians Praha | L86: =AND(vyberHrace<>"",ISNUMBER(SEARCH(vyberHrace,$B86))) | M86: =AND($I86=MID(kododd,1,2),$J86=MID(kododd,3,3)) | N86: =IF(ISNUMBER($O86),CONCATENATE(INDEX(RokNar,$O86)," ",INDEX(Jmeno,$O86)," ",INDEX(Ev_c_LOK,$O86)),"") | O86: =MATCH(true,INDEX(ihraci,$O85+1):ehraci,0)+$O85
A87: 752 | B87: Bartoš Jan | C87: 1966 | D87: 2117 | E87: 2154 | F87: 315060 | G87: 250 | H87: CZE | I87: 11 | J87: 050 | K87: Unichess | L87: =AND(vyberHrace<>"",ISNUMBER(SEARCH(vyberHrace,$B87))) | M87: =AND($I87=MID(kododd,1,2),$J87=MID(kododd,3,3)) | N87: =IF(ISNUMBER($O87),CONCATENATE(INDEX(RokNar,$O87)," ",INDEX(Jmeno,$O87)," ",INDEX(Ev_c_LOK,$O87)),"") | O87: =MATCH(true,INDEX(ihraci,$O86+1):ehraci,0)+$O86
A88: 4551 | B88: Bartoš Miroslav | C88: 1977 | D88: 1894 | E88: 1932 | F88: 368954 | G88: 250 | H88: CZE | I88: 11 | J88: 001 | K88: TJ Bohemians Praha | L88: =AND(vyberHrace<>"",ISNUMBER(SEARCH(vyberHrace,$B88))) | M88: =AND($I88=MID(kododd,1,2),$J88=MID(kododd,3,3)) | N88: =IF(ISNUMBER($O88),CONCATENATE(INDEX(RokNar,$O88)," ",INDEX(Jmeno,$O88)," ",INDEX(Ev_c_LOK,$O88)),"") | O88: =MATCH(true,INDEX(ihraci,$O87+1):ehraci,0)+$O87
A89: 59589 | B89: Bartošek Kristián | C89: 2016 | F89: 23780690 | G89: 250 | H89: CZE | I89: 11 | J89: 066 | K89: Šachy Štěpán | L89: =AND(vyberHrace<>"",ISNUMBER(SEARCH(vyberHrace,$B89))) | M89: =AND($I89=MID(kododd,1,2),$J89=MID(kododd,3,3)) | N89: =IF(ISNUMBER($O89),CONCATENATE(INDEX(RokNar,$O89)," ",INDEX(Jmeno,$O89)," ",INDEX(Ev_c_LOK,$O89)),"") | O89: =MATCH(true,INDEX(ihraci,$O88+1):ehraci,0)+$O88
A90: 62059 | B90: Baše David | C90: 2013 | F90: 571002316 | G90: 250 | H90: CZE | I90: 11 | J90: 015 | K90: TJ Kobylisy | L90: =AND(vyberHrace<>"",ISNUMBER(SEARCH(vyberHrace,$B90))) | M90: =AND($I90=MID(kododd,1,2),$J90=MID(kododd,3,3)) | N90: =IF(ISNUMBER($O90),CONCATENATE(INDEX(RokNar,$O90)," ",INDEX(Jmeno,$O90)," ",INDEX(Ev_c_LOK,$O90)),"") | O90: =MATCH(true,INDEX(ihraci,$O89+1):ehraci,0)+$O89
A91: 39216 | B91: Bašek Václav | C91: 1946 | D91: 1522 | G91: 0 | H91: CZE | I91: 11 | J91: 054 | K91: Šachový spolek Újezd nad Lesy | L91: =AND(vyberHrace<>"",ISNUMBER(SEARCH(vyberHrace,$B91))) | M91: =AND($I91=MID(kododd,1,2),$J91=MID(kododd,3,3)) | N91: =IF(ISNUMBER($O91),CONCATENATE(INDEX(RokNar,$O91)," ",INDEX(Jmeno,$O91)," ",INDEX(Ev_c_LOK,$O91)),"") | O91: =MATCH(true,INDEX(ihraci,$O90+1):ehraci,0)+$O90
A92: 26946 | B92: Baštář Výprachtický David | C92: 1993 | D92: 2283 | E92: 2311 | F92: 346209 | G92: 250 | H92: CZE | I92: 11 | J92: 014 | K92: SK OAZA Praha | L92: =AND(vyberHrace<>"",ISNUMBER(SEARCH(vyberHrace,$B92))) | M92: =AND($I92=MID(kododd,1,2),$J92=MID(kododd,3,3)) | N92: =IF(ISNUMBER($O92),CONCATENATE(INDEX(RokNar,$O92)," ",INDEX(Jmeno,$O92)," ",INDEX(Ev_c_LOK,$O92)),"") | O92: =MATCH(true,INDEX(ihraci,$O91+1):ehraci,0)+$O91
A93: 40947 | B93: Baštářová Petra | C93: 1984 | D93: 1123 | F93: 23720719 | G93: 250 | H93: CZE | I93: 11 | J93: 014 | K93: SK OAZA Praha | L93: =AND(vyberHrace<>"",ISNUMBER(SEARCH(vyberHrace,$B93))) | M93: =AND($I93=MID(kododd,1,2),$J93=MID(kododd,3,3)) | N93: =IF(ISNUMBER($O93),CONCATENATE(INDEX(RokNar,$O93)," ",INDEX(Jmeno,$O93)," ",INDEX(Ev_c_LOK,$O93)),"") | O93: =MATCH(true,INDEX(ihraci,$O92+1):ehraci,0)+$O92
A94: 14359 | B94: Baštýř Pavel | C94: 1961 | D94: 1398 | E94: 1553 | F94: 335800 | G94: 250 | H94: CZE | I94: 11 | J94: 006 | K94: TJ Pankrác | L94: =AND(vyberHrace<>"",ISNUMBER(SEARCH(vyberHrace,$B94))) | M94: =AND($I94=MID(kododd,1,2),$J94=MID(kododd,3,3)) | N94: =IF(ISNUMBER($O94),CONCATENATE(INDEX(RokNar,$O94)," ",INDEX(Jmeno,$O94)," ",INDEX(Ev_c_LOK,$O94)),"") | O94: =MATCH(true,INDEX(ihraci,$O93+1):ehraci,0)+$O93
A95: 55781 | B95: Batrna Mikuláš | C95: 2009 | D95: 1255 | F95: 23760400 | G95: 0 | H95: CZE | I95: 11 | J95: 001 | K95: TJ Bohemians Praha | L95: =AND(vyberHrace<>"",ISNUMBER(SEARCH(vyberHrace,$B95))) | M95: =AND($I95=MID(kododd,1,2),$J95=MID(kododd,3,3)) | N95: =IF(ISNUMBER($O95),CONCATENATE(INDEX(RokNar,$O95)," ",INDEX(Jmeno,$O95)," ",INDEX(Ev_c_LOK,$O95)),"") | O95: =MATCH(true,INDEX(ihraci,$O94+1):ehraci,0)+$O94
A96: 63331 | B96: Bauca Sastre Barbara | C96: 2012 | F96: 571003444 | G96: 250 | H96: CZE | I96: 11 | J96: 066 | K96: Šachy Štěpán | L96: =AND(vyberHrace<>"",ISNUMBER(SEARCH(vyberHrace,$B96))) | M96: =AND($I96=MID(kododd,1,2),$J96=MID(kododd,3,3)) | N96: =IF(ISNUMBER($O96),CONCATENATE(INDEX(RokNar,$O96)," ",INDEX(Jmeno,$O96)," ",INDEX(Ev_c_LOK,$O96)),"") | O96: =MATCH(true,INDEX(ihraci,$O95+1):ehraci,0)+$O95
A97: 51550 | B97: Bauer Jiří | C97: 2011 | D97: 1158 | F97: 23745681 | G97: 0 | H97: CZE | I97: 11 | J97: 050 | K97: Unichess | L97: =AND(vyberHrace<>"",ISNUMBER(SEARCH(vyberHrace,$B97))) | M97: =AND($I97=MID(kododd,1,2),$J97=MID(kododd,3,3)) | N97: =IF(ISNUMBER($O97),CONCATENATE(INDEX(RokNar,$O97)," ",INDEX(Jmeno,$O97)," ",INDEX(Ev_c_LOK,$O97)),"") | O97: =MATCH(true,INDEX(ihraci,$O96+1):ehraci,0)+$O96
A98: 53602 | B98: Bauer Sebastian | C98: 2008 | D98: 1612 | E98: 1748 | F98: 23745886 | G98: 250 | H98: CZE | I98: 11 | J98: 004 | K98: ŠK Dopravní podnik Praha | L98: =AND(vyberHrace<>"",ISNUMBER(SEARCH(vyberHrace,$B98))) | M98: =AND($I98=MID(kododd,1,2),$J98=MID(kododd,3,3)) | N98: =IF(ISNUMBER($O98),CONCATENATE(INDEX(RokNar,$O98)," ",INDEX(Jmeno,$O98)," ",INDEX(Ev_c_LOK,$O98)),"") | O98: =MATCH(true,INDEX(ihraci,$O97+1):ehraci,0)+$O97
A99: 383 | B99: Bauma Jiří | C99: 1966 | D99: 2083 | E99: 2140 | F99: 306649 | G99: 250 | H99: CZE | I99: 11 | J99: 055 | K99: Šachový oddíl TJ DUKLA Praha | L99: =AND(vyberHrace<>"",ISNUMBER(SEARCH(vyberHrace,$B99))) | M99: =AND($I99=MID(kododd,1,2),$J99=MID(kododd,3,3)) | N99: =IF(ISNUMBER($O99),CONCATENATE(INDEX(RokNar,$O99)," ",INDEX(Jmeno,$O99)," ",INDEX(Ev_c_LOK,$O99)),"") | O99: =MATCH(true,INDEX(ihraci,$O98+1):ehraci,0)+$O98
A100: 59262 | B100: Bavbekov Gerai | C100: 2016 | G100: 0 | H100: CZE | I100: 11 | J100: 068 | K100: Šachový klub Na Smetance, z.s. | L100: =AND(vyberHrace<>"",ISNUMBER(SEARCH(vyberHrace,$B100))) | M100: =AND($I100=MID(kododd,1,2),$J100=MID(kododd,3,3)) | N100: =IF(ISNUMBER($O100),CONCATENATE(INDEX(RokNar,$O100)," ",INDEX(Jmeno,$O100)," ",INDEX(Ev_c_LOK,$O100)),"") | O100: =MATCH(true,INDEX(ihraci,$O99+1):ehraci,0)+$O99
...

Sheet číselníky
A1: sezona | B1: soutez | C1: den | D1: hodina | E1: kokr | F1: znazkr | G1: kraje | H1: krokodil | I1: oddil
A2: 2019-2020 | B2: Extraliga | C2: pondělí | D2: 0.375 | E2: =MID(G2,1,2) -> 11 | F2: PŠS | G2: 11 Pražský šachový svaz | H2: =MID(I2,1,2) | I2: 11001 TJ Bohemians Praha
A3: 2020-2021 | B3: 1. liga | C3: úterý | D3: 0.41666667 | E3: =MID(G3,1,2) -> 12 | F3: SŠS | G3: 12 Středočeský šachový svaz | H3: =MID(I3,1,2) | I3: 11002 ŠK Sokol Vyšehrad
A4: 2021-2022 | B4: 2. liga | C4: středa | D4: 0.45833333 | E4: =MID(G4,1,2) -> 13 | F4: JŠS | G4: 13 Jihočeský šachový svaz | H4: =MID(I4,1,2) | I4: 11004 ŠK Dopravní podnik Praha
A5: 2022-2023 | B5: =CONCATENATE("KP ",IF(kododd ="","",VLOOKUP(MID(kododd,1,2),zkraj,2,FALSE)),"(Přebor)") -> KP (Přebor) | C5: čtvrtek | D5: 0.72916667 | E5: =MID(G5,1,2) -> 14 | F5: ŠSPK | G5: 14 Šachový svaz Plzeňského kraje | H5: =MID(I5,1,2) | I5: 11006 TJ Pankrác
A6: 2023-2024 | B6: =CONCATENATE("KS ",IF(kododd ="","",VLOOKUP(MID(kododd,1,2),zkraj,2,FALSE)),"1. třída") -> KS 1. třída | C6: pátek | D6: 0.73958333 | E6: =MID(G6,1,2) -> 15 | F6: KŠSKV | G6: 15 Krajský šachový svaz Karlovy Vary | H6: =MID(I6,1,2) | I6: 11008 USK Praha
A7: 2024-2025 | B7: =CONCATENATE("KS ",IF(kododd ="","",VLOOKUP(MID(kododd,1,2),zkraj,2,FALSE)),"2. třída") -> KS 2. třída | C7: sobota | D7: 0.75 | E7: =MID(G7,1,2) -> 16 | F7: ÚKŠS | G7: 16 Ústecký krajský šachový svaz | H7: =MID(I7,1,2) | I7: 11010 Šachový klub Loko Praha
A8: 2025-2026 | B8: =CONCATENATE("KS ",IF(kododd ="","",VLOOKUP(MID(kododd,1,2),zkraj,2,FALSE)),"3. třída") -> KS 3. třída | C8: neděle | D8: 0.76041667 | E8: =MID(G8,1,2) -> 17 | F8: ŠSLK | G8: 17 Šachový svaz Libereckého kraje | H8: =MID(I8,1,2) | I8: 11011 TJ Sokol Praha-Vršovice
A9: 2026-2027 | B9: =CONCATENATE("KS ",IF(kododd ="","",VLOOKUP(MID(kododd,1,2),zkraj,2,FALSE)),"4. třída") -> KS 4. třída | D9: 0.77083333 | E9: =MID(G9,1,2) -> 18 | F9: KHŠS | G9: 18 Královéhradecký krajský šachový svaz | H9: =MID(I9,1,2) | I9: 11012 Šachový klub Viktoria Žižkov
A10: 2027-2028 | B10: =CONCATENATE("KS ",IF(kododd ="","",VLOOKUP(MID(kododd,1,2),zkraj,2,FALSE)),"5. třída") -> KS 5. třída | E10: =MID(G10,1,2) -> 19 | F10: PDŠS | G10: 19 Pardubický krajský šachový svaz | H10: =MID(I10,1,2) | I10: 11014 SK OAZA Praha
E11: =MID(G11,1,2) -> 21 | F11: KŠSV | G11: 21 Krajský šachový svaz Vysočina | H11: =MID(I11,1,2) | I11: 11015 TJ Kobylisy
E12: =MID(G12,1,2) -> 22 | F12: JmŠS | G12: 22 Jihomoravský šachový svaz | H12: =MID(I12,1,2) | I12: 11016 ŠO Praga Praha
E13: =MID(G13,1,2) -> 23 | F13: ŠSZK | G13: 23 Šachový svaz Zlínského kraje | H13: =MID(I13,1,2) | I13: 11020 ŠK Mahrla Praha z.s.
E14: =MID(G14,1,2) -> 24 | F14: ŠSOK | G14: 24 Šachový svaz Olomouckého kraje | H14: =MID(I14,1,2) | I14: 11022 SK Rapid Praha
E15: =MID(G15,1,2) -> 25 | F15: MKŠS | G15: 25 Moravskoslezský krajský šachový svaz | H15: =MID(I15,1,2) | I15: 11027 PSK Union Praha
H16: =MID(I16,1,2) | I16: 11028 GROP Praha
H17: =MID(I17,1,2) | I17: 11029 ŠK Praha-Smíchov
H18: =MID(I18,1,2) | I18: 11032 DDM Praha 6
H19: =MID(I19,1,2) | I19: 11033 TJ Zora Praha
H20: =MID(I20,1,2) | I20: 11048 SK LISA
H21: =MID(I21,1,2) | I21: 11050 Unichess
H22: =MID(I22,1,2) | I22: 11051 Šachový klub Bohnice
H23: =MID(I23,1,2) | I23: 11053 SK Lokomotiva Radlice
H24: =MID(I24,1,2) | I24: 11054 Šachový spolek Újezd nad Lesy
H25: =MID(I25,1,2) | I25: 11055 Šachový oddíl TJ DUKLA Praha
H26: =MID(I26,1,2) | I26: 11058 ŠK Mlejn
H27: =MID(I27,1,2) | I27: 11059 ŠK Aurora
... H492: =MID(I492,1,2) | I492: 99003 Cizinci
H500: =MID(I500,1,2)
H501: =MID(I501,1,2)
H502: =MID(I502,1,2)
H503: =MID(I503,1,2)
H504: =MID(I504,1,2)
H505: =MID(I505,1,2)
H506: =MID(I506,1,2)
H507: =MID(I507,1,2)
H508: =MID(I508,1,2)
H509: =MID(I509,1,2)
H510: =MID(I510,1,2)
H511: =MID(I511,1,2)
... H700: =MID(I700,1,2)
